 Dungeon Crawl Stone Soup version bcrawl-1.40.1 (webtiles) character file.

Game seed: 10791917162736282930

16592852 Artagas the Acrobat (level 27, 217/217 HPs)
             Began as a Gnoll Archaeologist on Oct 26, 2023.
             Was the Champion of Okawaru.
             Escaped with the Orb
             ... and 3 runes!
             The game lasted 04:02:13 (58862 turns).

Artagas the Acrobat (Gnoll Archaeologist)          Turns: 58862, Time: 04:02:13

Health: 217/217    AC: 24    Str: 31    XL:     27
Magic:  44/44      EV: 38    Int: 25    God:    Okawaru [******]
Gold:   2124       SH: 24    Dex: 32    Spells: 20/61 levels left

rFire    + + .     GDR:     49% b - +9 quick blade "Beuliush" {pierce, rF+ MR+}
rCold    + + +     SeeInvis +   r - +6 medium shield {reflect}
rNeg     + + .     Gourm    +   V - +5 scale mail of the Hunter {Str+4 Dex+6 Slay+2}
rPois    .         Faith    .   p - +3 crown of Dyrovepreva {rElec Int+2 SInv}
rElec    +         Spirit   .   H - scarf of Limitation {+Inv, rC+ Str+2 SInv Stlth+}
rCorr    .         Reflect  +   k - +0 pair of fencer's gloves {Riposte Dex+6}
MR       ++++.                  S - +2 pair of boots
Stlth    +++.......             N - amulet of Orphere {Gourm rN+ Int+8}
HPRegen  0.46/turn              x - ring "Pienid" {+Fly MR+}
MPRegen  0.29/turn              Z - ring of Hebbon {rF+ rC+++ rN+ Int-2 Dex+5}

@: studying Dodging
A: distributed training, fangs 1, screaming 1, strong nose
0: Orb of Zot
}: 3/15 runes: decaying, serpentine, silver
a: Heroism, Finesse, Renounce Religion, Evoke Invisibility, Evoke Flight


You escaped.
You worshipped Okawaru.
Okawaru was exalted by your worship.
You were not hungry.

You visited 10 branches of the dungeon, and saw 42 of its levels.
You visited the Abyss 1 time.
You visited 2 bazaars.

You collected 6939 gold pieces.
You spent 4815 gold pieces at shops.

Inventory:

Hand Weapons
 a - a +9 vampiric broad axe
   (You took it off an orc warrior in the Orcish Mines)
 b - the +9 quick blade "Beuliush" (weapon) {pierce, rF+ MR+}
   (Okawaru gifted it to you on level 5 of the Lair of Beasts)

   It will always inflict at least some extra damage.
   This minimum extra damage increases with your current reserve of magical
   power.
   It protects you from fire.
   It affects your resistance to hostile enchantments.
Missiles
 B - 395 poisoned tomahawks
 L - 9 throwing nets {=f}
 R - 260 javelins (quivered)
 W - 57 javelins of penetration {=f}
Armour
 k - the +0 pair of fencer's gloves (worn) {Riposte Dex+6}
   (Okawaru gifted it to you on level 2 of the Spriggan Forest)

   It affects your dexterity (+6).
 p - the +3 crown of Dyrovepreva (worn) {rElec Int+2 SInv}
   (Okawaru gifted it to you on level 6 of the Lair of Beasts)

   It affects your intelligence (+2).
   It insulates you from electricity.
   It lets you see invisible.
 r - a +6 medium shield of reflection (worn)
   (Okawaru gifted it to you on level 3 of the Spriggan Forest)
 H - the scarf of Limitation (worn) {+Inv, rC+ Str+2 SInv Stlth+}
   (Okawaru gifted it to you on level 1 of the Vaults)

   It affects your strength (+2).
   It protects you from cold.
   It lets you see invisible.
   It makes you more stealthy.
 S - a +2 pair of boots (worn)
 V - the +5 scale mail of the Hunter (worn) {Str+4 Dex+6 Slay+2}
   (You bought it in a shop in the Orcish Mines)

   It affects your strength (+4).
   It affects your dexterity (+6).
   It affects your accuracy and damage with ranged weapons and melee attacks
   (+2).
Jewellery
 i - the ring "Velyr" {rElec rF++}
   (You bought it in a shop in the Orcish Mines)

   [ring of insulation]

   It greatly protects you from fire.
   It insulates you from electricity.
 m - an uncursed ring of protection from magic
   (You found it on level 11 of the Dungeon)
 x - the ring "Pienid" (left hand) {+Fly MR+}
   (You bought it in a shop on level 9 of the Dungeon)

   [ring of flight]

   It affects your resistance to hostile enchantments.
   It lets you fly.
 N - the amulet of Orphere (around neck) {Gourm rN+ Int+8}
   (You found it on level 3 of the Snake Pit)

   [amulet of the gourmand]

   It allows you to eat raw meat even when not hungry.
   It affects your intelligence (+8).
   It protects you from negative energy.
 Z - the ring of Hebbon (right hand) {rF+ rC+++ rN+ Int-2 Dex+5}
   (You took it off a vault sentinel on level 3 of the Vaults)

   [ring of positive energy]

   It affects your intelligence (-2).
   It affects your dexterity (+5).
   It protects you from fire.
   It renders you almost immune to cold.
   It protects you from negative energy.
Wands
 o - a wand of charming (10)
   (You found it on level 2 of the Vaults)
 v - a wand of digging (52)
   (You took it off a naga mage on level 1 of the Snake Pit)
 y - a wand of iceblast (24)
   (You bought it in a shop on level 2 of the Vaults)
 P - a wand of paralysis (25)
   (You found it on level 1 of the Lair of Beasts)
 T - a wand of acid (23)
   (You bought it in a shop on level 2 of the Snake Pit)
 U - a wand of scattershot (7)
   (You found it on level 6 of the Lair of Beasts)
 X - a wand of clouds (10)
   (You bought it in a shop on level 2 of the Vaults)
Scrolls
 c - 3 scrolls of summoning
 t - 17 scrolls of teleportation
 z - 8 scrolls of blinking
 E - 6 scrolls of fog
 I - 9 scrolls of fear
Potions
 d - 2 potions of might
 f - a potion of magic
 h - 5 potions of haste
 j - 4 potions of invisibility
 l - 8 potions of lignification
 n - a potion of resistance
 q - 16 potions of curing
 s - 3 potions of agility
 w - 9 potions of heal wounds
 C - 5 potions of cancellation
 D - a potion of berserk rage
 F - 6 potions of brilliance
 G - 3 potions of flight
 J - 8 potions of mutation
 O - a potion of ambrosia
Miscellaneous
 u - a lightning rod (4/4)
   (You found it on level 3 of the Vaults)
 A - a phantom mirror
 M - a lamp of fire
   (You found it on level 1 of the Lair of Beasts)
 Q - a fan of gales (2/2)
   (You found it on level 3 of the Spriggan Forest)
 Y - 4 boxes of beasts
Comestibles
 e - 66 rations {!d}


   Skills:
 + Level 18.0 Fighting
 + Level 17.8 Short Blades
 + Level 17.8 Long Blades
 + Level 17.8 Axes
 + Level 18.0 Maces & Flails
 + Level 17.8 Polearms
 + Level 17.8 Staves
 + Level 17.8 Slings
 + Level 17.8 Bows
 + Level 17.8 Crossbows
 + Level 17.8 Throwing
 + Level 17.8 Armour
 + Level 23.7 Dodging
 + Level 18.6 Stealth
 + Level 17.8 Shields
 + Level 17.8 Unarmed Combat
 + Level 17.8 Spellcasting
 + Level 15.4 Conjurations
 + Level 15.4 Hexes
 + Level 15.4 Charms
 + Level 15.4 Summonings
 + Level 15.4 Necromancy
 + Level 15.4 Translocations
 + Level 15.4 Transmutations
 + Level 15.4 Fire Magic
 + Level 15.4 Ice Magic
 + Level 15.4 Air Magic
 + Level 15.4 Earth Magic
 + Level 15.4 Poison Magic
 + Level 19.2 Invocations
 + Level 17.8 Evocations


You had 20 spell levels left.
You knew the following spells:

 Your Spells              Type           Power        Failure   Level  Hunger
a - Infusion              Chrm           #######.     1%          1    None
b - Summon Lightning Spi  Summ/Air       #######.     1%          5    None
c - Summon Mana Viper     Hex/Summ       #######.     1%          5    None
d - Freezing Cloud        Ice/Air        #######.     1%          5    None
e - Death Channel         Chrm/Necr      #######...   3%          6    None
f - Yara's Violent Unrav  Hex/Tmut       #######...   1%          4    None
g - Regeneration          Chrm/Necr      #######...   1%          3    None
h - Steam Barrier         Chrm/Fire      #######...   1%          5    None
i - Simulacrum            Ice/Necr       #######.     3%          6    None
j - Apportation           Tloc           ######       1%          1    None

Your spell library contained the following spells:

 Spells                   Type           Power        Failure   Level  Hunger
 Corona                   Hex            #######      1%          1    None
 Sandblast                Erth           ######       1%          1    None
 Slow                     Hex            #######.     1%          1    None
 Static Discharge         Air            ######       1%          1    None
 Summon Butterflies       Summ           #######.     1%          1    None
 Summon Small Mammal      Summ           ####         1%          1    None
 Call Imp                 Summ           ######       1%          2    None
 Ensorcelled Hibernation  Hex/Ice        ######       1%          2    None
 Poisonous Vapours        Pois/Air       ######       1%          2    None
 Searing Ray              Conj           #######.     1%          2    None
 Shackle                  Hex            #######.     1%          2    None
 Song of Slaying          Chrm           #######.     1%          2    None
 Sublimation of Blood     Necr           #######...   1%          2    None
 Swiftness                Chrm/Air       #######.     1%          2    None
 Call Canine Familiar     Summ           #######.     1%          3    None
 Confuse                  Hex            #######.     1%          3    None
 Conjure Flame            Conj/Fire      #######.     1%          3    None
 Dazzling Orbs            Conj/Hex       #######      1%          3    None
 False Image              Hex/Summ       #######.     1%          3    None
 Ignite Poison            Fire/Tmut/Pois #######.     1%          3    None
 Inner Flame              Hex/Fire       N/A          1%          3    None
 Mephitic Cloud           Conj/Pois/Air  #######.     1%          3    None
 Ozocubu's Armour         Chrm/Ice       #######.     1%          3    None
 Recall                   Summ/Tloc      N/A          1%          3    None
 Spectral Weapon          Hex/Chrm       #######.     1%          3    None
 Tukima's Dance           Hex            #######.     1%          3    None
 Agony                    Necr           #######.     1%          4    None
 Animate Dead             Necr           N/A          1%          4    None
 Cause Fear               Hex            #######...   1%          4    None
 Petrify                  Tmut/Erth      #######...   1%          4    None
 Sticky Flame             Conj/Fire      #######.     1%          4    None
 Summon Ice Beast         Ice/Summ       #######.     1%          4    None
 Tree Form                Hex/Tmut       N/A          1%          4    None
 Dispel Undead            Necr           #######.     1%          5    None
 Metabolic Englaciation   Hex/Ice        #######...   1%          5    None
 Silence                  Hex/Air        #######...   1%          5    None
 Bolt of Cold             Conj/Ice       #######...   3%          6    None
 Bolt of Fire             Conj/Fire      #######...   3%          6    None
 Ozocubu's Refrigeration  Ice            #######...   3%          6    None
 Statue Form              Tmut/Erth      #######..    3%          6    None
 Summon Hydra             Summ           #######...   3%          6    None
 Virulence                Hex/Pois       #######.     3%          6    None
 Discord                  Hex            #######...   17%         7    ###....
 Dragon Form              Tmut           #######      17%         7    ###....
 Haunt                    Necr/Summ      #######...   17%         7    ###....
 Icicle Burst             Conj/Ice       #######...   17%         7    ###....
 Malign Gateway           Summ/Tloc      #######...   17%         7    ###....
 Monstrous Menagerie      Summ           #######...   17%         7    ###....
 Scorpion Form            Tmut/Pois      #######...   17%         7    ###....
 Spellforged Servitor     Conj/Summ      #######...   17%         7    ###....
 Summon Greater Demon     Summ           #######...   17%         7    ###....
 Chain Lightning          Conj/Air       #######...   80%         8    #####..
 Necromutation            Tmut/Necr      #######.     80%         8    #####..
 Summon Horrible Things   Summ           #######...   80%         8    #####..
 Tornado                  Tloc/Air       #######...   80%         8    #####..
 Dragon's Call            Summ           #######...   100%        9    ######.
 Fire Storm               Fire           #######...   100%        9    ######.


Dungeon Overview and Level Annotations

Branches:
Dungeon (12/12)            Temple (0/1) D:6            Lair (6/6) D:8
  Swamp (3/3) Lair:3        Snake (3/3) Lair:4        Slime (0/5) Orc
    Orc (1/1) D:10         Vaults (3/3) D:11         Forest (3/3) Lair:6
  Crypt (1/2) Vaults:1     Depths (5/5) D:12            Zot (5/5) Depths:5

Altars:
Dithmenos
Kikubaaqudgha
Lugonu
Okawaru
Trog
Vehumet
Yredelemnul
Jiyva

Shops:
D:4 =   D:5 [*   D:6 =   D:9 =   Orc *=([   Snake:2 ==}   Vaults:1 [
Vaults:2 }   Depths:1 *

Portals:
Hell: Depths:1 Depths:2 Depths:3 Depths:4 Depths:5
Abyss: Depths:2 Depths:4
Pandemonium: Depths:1 Depths:2 Depths:3
Ziggurat: Depths:2

Annotations:
D:7 2 transporters, Wachungys's ghost, novice NaAc
Lair:4 exclusion: downstairs
Zot:2 Icycared's ghost, master GrFi


Innate Abilities, Weirdness & Mutations

Your experience applies equally to all skills.
You have very sharp teeth.
Your uncanny sense of smell can sniff out nearby items.
You occasionally shout uncontrollably at your foes.


Message History

Items here: )) [ † a +1 demon blade of venom; a +0 dagger; a +0 robe; a gelid demonspawn corpse
There is an open door here.
(D) Dungeon (T) Temple (L) Lair (S) Swamp (P) Snake Pit (M) Slime Pits (O) Orcish Mines (V) Vaults (F) Spriggan Forest (C) Crypt (U) Depths (H) Hell (Z) Zot
Where to? (Enter - D:1 @ (x,y), ? - help)
What level of the Dungeon? (default 1, ? - help)
Your magical infusion is running out.
There is an open door here.
You are no longer magically infusing your attacks.
You are feeling hungry.
There is a stone staircase leading up here.
You climb upwards.
There is a stone staircase leading down here.
You feel a little less mighty now.
There is a stone staircase leading up here.
You climb upwards.
There is a stone staircase leading down here.
(D) Dungeon (T) Temple (L) Lair (S) Swamp (P) Snake Pit (M) Slime Pits (O) Orcish Mines (V) Vaults (F) Spriggan Forest (C) Crypt (U) Depths (H) Hell (Z) Zot
Where to? (Enter - D:1 @ (x,y), ? - help)
What level of the Dungeon? (default 1, ? - help)
There is a stone staircase leading up here.
Magic restored.
You climb upwards.
There is a stone staircase leading down here.
Your hands slow down.
You feel a little less agile now.
(D) Dungeon (T) Temple (L) Lair (S) Swamp (P) Snake Pit (M) Slime Pits (O) Orcish Mines (V) Vaults (F) Spriggan Forest (C) Crypt (U) Depths (H) Hell (Z) Zot
Where to? (Enter - D:1 @ (x,y), ? - help)
What level of the Dungeon? (default 1, ? - help)
There is an open door here.
HP restored.
You feel like a meek peon again.
Things that are here:
a +0 robe; a +1 hand axe
Things that are here:
a +0 chain mail; a cursed -3 club
Items here: )) [[ a +1 robe of magic recovery; a +0 long sword; a +0 robe; a cursed +0 halberd
Things that are here:
a +0 dagger; a +0 robe; a +2 battleaxe of freezing
There is an open door, spattered with blood here.
Items here: )) [[ a +0 robe; a +3 dagger; a +0 robe; a cursed +0 spear You see here a +0 ring mail.
There is a stone staircase leading up here.
You climb upwards.
There is a stone staircase leading down here.
There is a stone staircase leading up here.
You climb upwards.
Level annotation: 2 transporters, Wachungys's ghost, novice NaAc
There is a stone staircase leading down here.
There is a stone staircase leading up here.
You climb upwards.
There is a stone staircase leading down here.
There is an open door, spattered with blood here.
Things that are here:
a +0 plate armour; a +0 hand axe
There is a stone staircase leading up here.
You climb upwards.
There is a stone staircase leading down here.
There is a stone staircase leading up here.
You climb upwards.
There is a stone staircase leading down here.
An Ice Fiend comes into view.
As you read the scroll of fog, it crumbles to dust.
The scroll dissolves into smoke.
There is a stone staircase leading up here.
You climb upwards.
There is a stone staircase leading down here.
(D) Dungeon (T) Temple (L) Lair (S) Swamp (P) Snake Pit (M) Slime Pits (O) Orcish Mines (V) Vaults (F) Spriggan Forest (C) Crypt (U) Depths (H) Hell (Z) Zot
Where to? (Enter - D:1 @ (x,y), ? - help)
What level of the Dungeon? (default 1, ? - help)
Things that are here:
a +0 leather armour; a +0 trident of holy wrath
There is a stone staircase leading up, spattered with blood here.
You climb upwards.
There is a stone staircase leading down here.
There is a stone staircase leading up here.
You climb upwards.
There is a stone staircase leading down here.
You open the door.
There is an open door here.
There is an open door here.
There is a stone staircase leading down here.
There is a staircase leading out of the dungeon here.
You eat one of the 67 rations {!d}.
That ration really hit the spot!
The power of the Orb breaks the dimensional shunt like a soap bubble!
You have escaped!

### #..#.#..###.###..#.###
###### ##......#........#.#
.....# #..##....#^###.##.#
.....####.................#
.....'.......###>#####.####
.....#####.###≈#.#≈###.#
.....# #.##≈P≈.≈♣≈##.#
.....# #.#≈P8P.♣8♣≈#.#
###'## #.##≈P.@.♣≈##.#
.....# #.##≈P....≈##.#
.....# #.#≈P8P..8.≈#.#
...(.# #.##≈P....≈##.#
.....# #..##≈#.#≈###.#
.....######..###.###...#
........(........#.....#
............#.##.#.#.#.#
...........)#....#.....#


There were no monsters in sight!

Vanquished Creatures
  4 juggernauts
  7 orbs of fire
  5 ancient liches
  Mara (Depths:2)
  6 Killer Klowns
  Bai Suzhen (Swamp:2)
  the Enchantress (Forest:3)
  4 golden dragons
  2 curse toes
  7 caustic shrikes (Depths:4)
  Vashnia (Snake:2)
  2 rockslimes (Zot:1)
  Nikola (Depths:1)
  A pandemonium lord (Zot:1)
  2 bone dragons
  A hellephant (Depths:2)
  3 electric golems
  19 Orb Guardians (Zot:5)
  6 tentacled monstrosities
  3 wendigos
  An Orb Demon (Zot:2)
  Asterion (Snake:2)
  6 quicksilver dragons
  4 titans
  8 death cobs
  An ancient champion (Crypt:1)
  2 sphinxes (Vaults:3)
  10 storm dragons
  5 thorn hunters
  7 shadow dragons
  3 tengu reavers (Vaults:3)
  2 balrugs (D:12)
  4 draconian monks
  5 draconian knights
  13 fire giants
  A greenwood witch (shapeshifter) (Vaults:3)
  9 apis
  6 nagarajas
  2 greenwood witches (Forest:2)
  A daeva (D:12)
  4 war gargoyles (Vaults:3)
  A deep elf sorcerer (Abyss:1)
  2 orc warlords
  7 frost giants
  11 vault wardens
  Aizul (Snake:2)
  6 draconian shifters
  3 draconian stormcallers
  14 stone giants
  A juggernaut zombie (Depths:4)
  Louise (Swamp:3)
  4 draconian scorchers
  12 spriggan defenders
  3 draconian annihilators
  An eye of devastation (Zot:2)
  13 ironheart preservers
  A stone giant (shapeshifter) (Depths:5)
  5 jiangshi
  A blood saint (D:12)
  10 very ugly things
  27 dire elephants
  3 deep elf demonologists
  9 black draconians
  A vampire knight (Depths:1)
  3 green draconians (Zot:2)
  8 spark wasps
  A lorocyproca (Depths:5)
  4 yellow draconians
  5 white draconians
  6 purple draconians
  2 red draconians (Zot:2)
  An entropy weaver (Vaults:3)
  A deep elf death mage (Vaults:1)
  A merfolk javelineer (Depths:4)
  Snorg (Lair:3)
  10 ettins
  2 crystal guardians (Vaults:3)
  11 fire dragons
  12 yaktaur captains
  A quicksilver dragon skeleton (Depths:4)
  A spectral shadow dragon (Zot:2)
  31 vault guards
  12 ice dragons
  11 spriggan air magi
  A hell beast (Depths:3)
  Harold (Lair:3)
  Psyche (D:9)
  2 shadow wraiths
  9 rakshasas
  11 great orbs of eyes
  8 shambling mangroves
  29 hydras
  3 ogre magi
  9 anacondas
  7 naga warriors
  2 satyrs
  4 catoblepae
  7 two-headed ogres
  8 alligators
  3 dancing weapons (Vaults:3)
  2 death knights
  25 death yaks
  8 deep troll shamans
  3 vampire magi
  10 spriggan berserkers
  5 deep troll earth magi
  4 orc high priests (Orc)
  3 spectral storm dragons (Zot:2)
  A thrashing horror (Abyss:1)
  2 ironheart beastmasters (Vaults:3)
  14 naga sharpshooters
  A deep troll (shapeshifter) (Vaults:3)
  7 shock serpents
  2 deep elf knights
  2 wretched stars (Abyss:1)
  22 deep trolls
  4 sun demons
  A goliath frog (Swamp:3)
  4 soul eaters
  An iron troll (Depths:2)
  A sixfirhy (Abyss:1)
  4 hell knights
  17 centaur warriors
  2 fire crabs (shapeshifter)
  An unseen horror (D:11)
  5 skeletal warriors
  A salamander mystic (Snake:2)
  A golden dragon zombie (Depths:2)
  A spectral green draconian (Zot:2)
  4 spriggan druids
  2 glowing orange brains
  5 naga ritualists
  A death drake (shapeshifter) (Vaults:1)
  12 swamp dragons
  3 flayed ghosts
  5 wizards
  2 deep elf archers
  An obsidian statue (Depths:3)
  17 ironheart convokers
  4 mana vipers
  A phantasmal warrior (Vaults:3)
  7 orc knights
  4 cyclopes
  An apocalypse crab (Abyss:1)
  Pikel (D:8)
  4 orc sorcerers
  2 oklob plants
  3 necromancers
  11 naga magi
  A wolf spider (Forest:2)
  9 deep elf magi
  2 fauns (Forest:3)
  2 shining eyes
  4 manticores
  A stone giant zombie (Vaults:1)
  26 ugly things
  6 salamanders
  A fire giant zombie (Abyss:1)
  7 draconians (Zot:1)
  11 moths of wrath
  A worldbinder (Abyss:1)
  12 elephants
  An elephant (shapeshifter) (Depths:5)
  13 vault sentinels
  15 cane toads
  12 will-o'-wisps
  A torpor snail (Lair:2)
  4 water nymphs
  A guardian serpent (shapeshifter) (Vaults:3)
  5 orange demons
  33 black mambas
  7 guardian serpents
  Joseph (D:8)
  2 smoke demons (Abyss:1)
  A kobold demonologist (D:10)
  5 rime drakes
  10 freezing wraiths
  An ice devil (Depths:3)
  6 komodo dragons
  A spriggan zombie (Depths:2)
  33 yaktaurs
  A ghost moth simulacrum (Zot:2)
  3 red devils
  A flying skull (Abyss:1)
  An eye of draining (Depths:2)
  A tengu conjurer (Vaults:2)
  A tormentor (Depths:1)
  A yaktaur skeleton (Vaults:1)
  6 trolls
  A meliai (shapeshifter) (Vaults:3)
  A spectral moth of wrath (Zot:2)
  2 harpy skeletons
  A queen bee (D:9)
  52 slime creatures
  A polar bear (Lair:6)
  56 hornets
  A wolf spider simulacrum (D:10)
  Prince Ribbit (D:7)
  11 tyrant leeches
  A tengu simulacrum (Depths:4)
  4 bog bodies
  6 blink frogs
  21 hippogriffs
  8 dream sheep (Lair:6)
  A fire giant simulacrum (Depths:2)
  A tarantella (shapeshifter) (Depths:4)
  A vampire (D:12)
  38 spriggans
  28 water elementals
  A spriggan skeleton (Depths:2)
  2 wraiths (Crypt:1)
  6 wyverns
  44 yaks
  Eustachio (D:6)
  A golden eye (Abyss:1)
  A fire bat (shapeshifter) (Vaults:2)
  A basilisk (shapeshifter) (Depths:4)
  10 basilisks
  2 chaos spawn
  2 neqoxecs
  3 redbacks (Vaults:3)
  A yellow draconian simulacrum (Zot:2)
  Edmund (D:4)
  18 swamp worms
  43 nagas
  7 water moccasins
  2 acid dragons
  14 crocodiles
  11 porcupines
  Duvessa (D:4)
  2 hell hounds (Lair:5)
  2 moth of wrath simulacra (Zot:2)
  2 floating eyes
  A cane toad skeleton (D:10)
  4 ice beasts
  31 orc warriors
  9 swamp drakes
  4 sky beasts
  3 phantoms
  3 soldier ants (D:8)
  3 black bears
  18 ogres
  An ettin simulacrum (Vaults:3)
  18 wolves
  6 boggarts (Vaults:2)
  8 bullfrogs
  2 kobold brigands
  A rime drake skeleton (D:10)
  A wyvern zombie (D:10)
  A human skeleton (Vaults:1)
  Dowan (D:4)
  5 centaurs
  A small abomination (Abyss:1)
  A scorpion (D:9)
  19 killer bees (D:9)
  12 wights
  4 howler monkeys
  3 electric eels
  11 orc priests
  15 crimson imps
  4 bullfrog zombies
  5 hounds
  6 quasits
  17 jellies
  Crazy Yiuf (D:3)
  3 iron imps (Depths:3)
  2 iguanas
  8 worker ants
  14 orc wizards
  2 porcupine skeletons (D:10)
  A hound skeleton (D:8)
  Robin (D:4)
  A gnoll (D:8)
  8 adders
  2 howler monkey skeletons
  5 shadow imps
  4 white imps
  An ufetubus (Abyss:1)
  3 oozes
  An adder zombie (D:5)
  6 worms
  2 dart slugs
  4 leopard geckos
  49 orcs
  4 ball pythons
  A giant cockroach (D:2)
  6 hobgoblins
  19 jackals
  A quokka (D:3)
  4 bats
  A frilled lizard (D:4)
  4 goblins
  A jackal skeleton (D:6)
  17 kobolds
  21 rats
  A butterfly (Lair:2)
  2 fungi (Depths:2)
  6 plants
1870 creatures vanquished.

Vanquished Creatures (collateral kills)
  A thorn hunter (Forest:3)
  2 nagarajas (Snake:3)
  A frost giant (Vaults:3)
  2 fire giants (Vaults:3)
  2 vault wardens (Vaults:3)
  An ironheart preserver (Vaults:3)
  2 elemental wellsprings (Forest:3)
  A spriggan defender (Forest:3)
  3 stone giants
  A dire elephant (Forest:3)
  An ettin (Vaults:3)
  2 yaktaur captains (Vaults:3)
  A rakshasa (Snake:2)
  A great orb of eyes (Depths:3)
  A naga warrior (Snake:3)
  3 spriggan air magi (Forest:3)
  A vault guard (Vaults:3)
  9 death yaks
  2 anacondas
  3 naga sharpshooters (Snake:2)
  A spriggan berserker (Forest:3)
  A centaur warrior (Vaults:3)
  3 spriggan druids
  A harpy (shapeshifter) (Vaults:3)
  A deep elf archer (Vaults:3)
  An ironheart convoker (Vaults:3)
  3 salamanders
  2 oklob plants
  3 naga magi
  A guardian serpent (Snake:3)
  A merfolk siren (Forest:3)
  A vault sentinel (Vaults:2)
  A black mamba (Snake:1)
  A yaktaur (Vaults:3)
  8 hornets
  A wyvern (shapeshifter) (Vaults:3)
  2 water elementals (Forest:3)
  8 spriggans
  11 nagas
  A boggart (Vaults:2)
  An ufetubus (Depths:1)
  An orc (Vaults:2)
  A plant (Forest:2)
95 creatures vanquished.

Vanquished Creatures (others)
  A Killer Klown (Zot:5)
  A fire giant (Depths:4)
  An eye of devastation (Zot:5)
  A vampire knight (Depths:5)
  A yellow draconian (Depths:5)
  A merfolk javelineer (Depths:4)
  A yaktaur captain (Depths:3)
  A great orb of eyes (Vaults:3)
  A shock serpent (Snake:2)
  A centaur warrior (Depths:1)
  A wizard (Vaults:1)
  A mana viper (Snake:2)
  2 naga magi (Snake:2)
  An ugly thing (Vaults:1)
  5 moths of wrath
  2 black mambas (Snake:2)
  2 yaktaurs (Depths:3)
  A hornet (Swamp:2)
  A spriggan (Swamp:2)
  4 nagas
  A crocodile (D:8)
  A slave (D:8)
  A hound (D:8)
  An iguana (D:8)
  An adder (D:8)
  3 orcs (D:8)
  78 fungi
  93 plants
  7 toadstools
216 creatures vanquished.

Grand Total: 2181 creatures vanquished

Notes
Turn   | Place    | Note
-------+----------+-------------------------------------------
     0 | D:1      | Artagas the Gnoll Archaeologist began the quest for the
                  | Orb.
     0 | D:1      | Reached XP level 1. HP: 17/17 MP: 1/1
   118 | D:1      | Reached XP level 2. HP: 23/23 MP: 2/2
   766 | D:2      | Found an iron altar of Okawaru.
   779 | D:2      | Became a worshipper of Warmaster Okawaru
   858 | D:2      | Reached XP level 3. HP: 28/28 MP: 3/3
  1121 | D:2      | Reached skill level 1 in Invocations
  1620 | D:3      | Reached skill level 1 in Short Blades
  1620 | D:3      | Reached skill level 1 in Long Blades
  1620 | D:3      | Reached skill level 1 in Axes
  1620 | D:3      | Reached skill level 1 in Polearms
  1620 | D:3      | Reached skill level 1 in Staves
  1620 | D:3      | Reached skill level 1 in Slings
  1620 | D:3      | Reached skill level 1 in Bows
  1620 | D:3      | Reached skill level 1 in Crossbows
  1620 | D:3      | Reached skill level 1 in Throwing
  1620 | D:3      | Reached skill level 1 in Armour
  1620 | D:3      | Reached skill level 1 in Shields
  1620 | D:3      | Reached skill level 1 in Unarmed Combat
  1620 | D:3      | Reached skill level 1 in Spellcasting
  1620 | D:3      | Reached skill level 1 in Evocations
  1630 | D:3      | Reached XP level 4. HP: 34/34 MP: 5/5
  2010 | D:3      | Reached skill level 1 in Conjurations
  2010 | D:3      | Reached skill level 1 in Hexes
  2010 | D:3      | Reached skill level 1 in Charms
  2010 | D:3      | Reached skill level 1 in Summonings
  2010 | D:3      | Reached skill level 1 in Necromancy
  2010 | D:3      | Reached skill level 1 in Translocations
  2010 | D:3      | Reached skill level 1 in Transmutations
  2010 | D:3      | Reached skill level 1 in Fire Magic
  2010 | D:3      | Reached skill level 1 in Ice Magic
  2010 | D:3      | Reached skill level 1 in Air Magic
  2010 | D:3      | Reached skill level 1 in Earth Magic
  2010 | D:3      | Reached skill level 1 in Poison Magic
  2010 | D:3      | Reached XP level 5. HP: 40/40 MP: 6/6
  2010 | D:3      | Identified a scroll of acquirement
  2010 | D:3      | Identified the Guide on Freezing Intoxication (You acquired
                  | it on level 3 of the Dungeon)
  2257 | D:3      | Noticed a black bear
  2295 | D:3      | Killed a black bear
  2296 | D:3      | Reached skill level 3 in Fighting
  2296 | D:3      | Reached skill level 3 in Maces & Flails
  2296 | D:3      | Reached XP level 6. HP: 47/47 MP: 8/8
  2317 | D:3      | Reached skill level 2 in Invocations
  2616 | D:3      | Found a runed door.
  2620 | D:3      | Noticed Crazy Yiuf
  2624 | D:3      | Killed Crazy Yiuf
  2720 | D:4      | Reached skill level 2 in Short Blades
  2720 | D:4      | Reached skill level 2 in Long Blades
  2720 | D:4      | Reached skill level 2 in Axes
  2720 | D:4      | Reached skill level 2 in Polearms
  2720 | D:4      | Reached skill level 2 in Staves
  2720 | D:4      | Reached skill level 2 in Slings
  2720 | D:4      | Reached skill level 2 in Bows
  2720 | D:4      | Reached skill level 2 in Crossbows
  2720 | D:4      | Reached skill level 2 in Throwing
  2720 | D:4      | Reached skill level 2 in Armour
  2720 | D:4      | Reached skill level 2 in Shields
  2720 | D:4      | Reached skill level 2 in Unarmed Combat
  2720 | D:4      | Reached skill level 2 in Spellcasting
  2720 | D:4      | Reached skill level 2 in Evocations
  2812 | D:4      | Noticed Duvessa
  2852 | D:4      | Noticed Dowan
  2855 | D:4      | Killed Duvessa
  2860 | D:4      | Killed Dowan
  2861 | D:4      | Reached XP level 7. HP: 29/52 MP: 10/10
  2985 | D:4      | Reached * piety under Okawaru
  2999 | D:4      | Reached skill level 7 in Dodging
  2999 | D:4      | Reached skill level 7 in Stealth
  3070 | D:4      | Found Nemm's Jewellery Shoppe.
  3232 | D:4      | Noticed Robin
  3286 | D:4      | Killed Robin
  3355 | D:4      | Noticed Edmund
  3367 | D:4      | Killed Edmund
  3368 | D:4      | Reached skill level 2 in Conjurations
  3368 | D:4      | Reached skill level 2 in Hexes
  3368 | D:4      | Reached skill level 2 in Charms
  3368 | D:4      | Reached skill level 2 in Summonings
  3368 | D:4      | Reached skill level 2 in Necromancy
  3368 | D:4      | Reached skill level 2 in Translocations
  3368 | D:4      | Reached skill level 2 in Transmutations
  3368 | D:4      | Reached skill level 2 in Fire Magic
  3368 | D:4      | Reached skill level 2 in Ice Magic
  3368 | D:4      | Reached skill level 2 in Air Magic
  3368 | D:4      | Reached skill level 2 in Earth Magic
  3368 | D:4      | Reached skill level 2 in Poison Magic
  3402 | D:5      | Entered Level 5 of the Dungeon
  3554 | D:5      | Found Zedum's Assorted Antiques.
  3568 | D:5      | Bought a scroll of identify for 46 gold pieces
  3568 | D:5      | Bought a bubbling emerald potion for 20 gold pieces
  3568 | D:5      | Bought a scroll labeled GODDE WA TING for 23 gold pieces
  3568 | D:5      | Bought a scroll labeled ALEUKL QENOI for 23 gold pieces
  3568 | D:5      | Bought 2 scrolls of identify for 92 gold pieces
  3568 | D:5      | Bought a long brass wand for 92 gold pieces
  3627 | D:5      | Reached skill level 3 in Invocations
  3627 | D:5      | Reached XP level 8. HP: 60/60 MP: 10/12
  3674 | D:5      | Reached skill level 4 in Fighting
  3674 | D:5      | Reached skill level 3 in Short Blades
  3674 | D:5      | Reached skill level 3 in Long Blades
  3674 | D:5      | Reached skill level 3 in Axes
  3674 | D:5      | Reached skill level 4 in Maces & Flails
  3674 | D:5      | Reached skill level 3 in Polearms
  3674 | D:5      | Reached skill level 3 in Staves
  3674 | D:5      | Reached skill level 3 in Slings
  3674 | D:5      | Reached skill level 3 in Bows
  3674 | D:5      | Reached skill level 3 in Crossbows
  3674 | D:5      | Reached skill level 3 in Throwing
  3674 | D:5      | Reached skill level 3 in Armour
  3674 | D:5      | Reached skill level 3 in Shields
  3674 | D:5      | Reached skill level 3 in Unarmed Combat
  3674 | D:5      | Reached skill level 3 in Spellcasting
  3674 | D:5      | Reached skill level 3 in Evocations
  3700 | D:5      | Reached ** piety under Okawaru
  3708 | D:5      | Identified A Beginning Course on Thaumaturgy
  3737 | D:5      | Found Ocze's Armour Emporium.
  4366 | D:6      | Reached skill level 4 in Invocations
  4396 | D:6      | Found a staircase to the Ecumenical Temple.
  4410 | D:6      | Reached skill level 3 in Conjurations
  4410 | D:6      | Reached skill level 3 in Hexes
  4410 | D:6      | Reached skill level 3 in Charms
  4410 | D:6      | Reached skill level 3 in Summonings
  4410 | D:6      | Reached skill level 3 in Necromancy
  4410 | D:6      | Reached skill level 3 in Translocations
  4410 | D:6      | Reached skill level 3 in Transmutations
  4410 | D:6      | Reached skill level 3 in Fire Magic
  4410 | D:6      | Reached skill level 3 in Ice Magic
  4410 | D:6      | Reached skill level 3 in Air Magic
  4410 | D:6      | Reached skill level 3 in Earth Magic
  4410 | D:6      | Reached skill level 3 in Poison Magic
  4442 | D:6      | Noticed Eustachio
  4456 | D:6      | Killed Eustachio
  4457 | D:6      | Reached XP level 9. HP: 65/66 MP: 12/14
  4628 | D:6      | Reached *** piety under Okawaru
  4847 | D:6      | Reached skill level 4 in Short Blades
  4847 | D:6      | Reached skill level 4 in Long Blades
  4847 | D:6      | Reached skill level 4 in Axes
  4847 | D:6      | Reached skill level 4 in Polearms
  4847 | D:6      | Reached skill level 4 in Staves
  4847 | D:6      | Reached skill level 4 in Slings
  4847 | D:6      | Reached skill level 4 in Bows
  4847 | D:6      | Reached skill level 4 in Crossbows
  4847 | D:6      | Reached skill level 4 in Throwing
  4847 | D:6      | Reached skill level 4 in Armour
  4847 | D:6      | Reached skill level 4 in Shields
  4847 | D:6      | Reached skill level 4 in Unarmed Combat
  4847 | D:6      | Reached skill level 4 in Spellcasting
  4847 | D:6      | Reached skill level 4 in Evocations
  4963 | D:6      | Found a shadowy altar of Dithmenos.
  5198 | D:6      | Found Nyer's Jewellery Shoppe.
  5568 | D:6      | Reached skill level 5 in Fighting
  5568 | D:6      | Reached skill level 5 in Maces & Flails
  5682 | D:7      | Found a transporter.
  5682 | D:7      | Found a transporter.
  5684 | D:7      | Noticed Wachungys's ghost (novice NaAc)
  5685 | D:7      | Found a bloodstained altar of Trog.
  5685 | D:7      | Noticed a moth of wrath
  5685 | D:7      | Noticed a two-headed ogre
  5795 | D:7      | Noticed Prince Ribbit
  5847 | D:7      | Killed Prince Ribbit
  5847 | D:7      | Reached **** piety under Okawaru
  5848 | D:7      | Reached skill level 8 in Dodging
  5848 | D:7      | Reached skill level 8 in Stealth
  5936 | D:7      | Noticed a white ugly thing
  5952 | D:7      | Reached skill level 5 in Invocations
  6015 | D:7      | Killed a white ugly thing
  6016 | D:7      | Reached XP level 10. HP: 74/74 MP: 15/17
  6081 | D:7      | Reached skill level 4 in Conjurations
  6081 | D:7      | Reached skill level 4 in Hexes
  6081 | D:7      | Reached skill level 4 in Charms
  6081 | D:7      | Reached skill level 4 in Summonings
  6081 | D:7      | Reached skill level 4 in Necromancy
  6081 | D:7      | Reached skill level 4 in Translocations
  6081 | D:7      | Reached skill level 4 in Transmutations
  6081 | D:7      | Reached skill level 4 in Fire Magic
  6081 | D:7      | Reached skill level 4 in Ice Magic
  6081 | D:7      | Reached skill level 4 in Air Magic
  6081 | D:7      | Reached skill level 4 in Earth Magic
  6081 | D:7      | Reached skill level 4 in Poison Magic
  6269 | D:7      | Found a bloodstained altar of Trog.
  6907 | D:7      | Reached skill level 5 in Short Blades
  6907 | D:7      | Reached skill level 5 in Long Blades
  6907 | D:7      | Reached skill level 5 in Axes
  6907 | D:7      | Reached skill level 5 in Polearms
  6907 | D:7      | Reached skill level 5 in Staves
  6907 | D:7      | Reached skill level 5 in Slings
  6907 | D:7      | Reached skill level 5 in Bows
  6907 | D:7      | Reached skill level 5 in Crossbows
  6907 | D:7      | Reached skill level 5 in Throwing
  6907 | D:7      | Reached skill level 5 in Armour
  6907 | D:7      | Reached skill level 5 in Shields
  6907 | D:7      | Reached skill level 5 in Unarmed Combat
  6907 | D:7      | Reached skill level 5 in Spellcasting
  6907 | D:7      | Reached skill level 5 in Evocations
  6924 | D:8      | Noticed Pikel
  6935 | D:8      | Killed Pikel
  6935 | D:8      | Reached ***** piety under Okawaru
  6935 | D:8      | Received a gift from Okawaru
  7036 | D:8      | Reached skill level 6 in Fighting
  7036 | D:8      | Reached skill level 6 in Maces & Flails
  7063 | D:8      | Found a staircase to the Lair.
  7079 | D:8      | Reached skill level 6 in Invocations
  7333 | D:8      | Noticed Joseph
  7353 | D:8      | Killed Joseph
  7398 | D:8      | Noticed a cyclops
  7408 | D:8      | Killed a cyclops
  7409 | D:8      | Reached XP level 11. HP: 77/82 MP: 17/19
  7840 | Lair:1   | Entered Level 1 of the Lair of Beasts
  7906 | Lair:1   | Reached skill level 9 in Dodging
  7929 | Lair:1   | Reached skill level 9 in Stealth
  7934 | Lair:1   | Reached skill level 6 in Short Blades
  7934 | Lair:1   | Reached skill level 6 in Long Blades
  7934 | Lair:1   | Reached skill level 6 in Axes
  7934 | Lair:1   | Reached skill level 6 in Polearms
  7934 | Lair:1   | Reached skill level 6 in Staves
  7934 | Lair:1   | Reached skill level 6 in Slings
  7934 | Lair:1   | Reached skill level 6 in Bows
  7934 | Lair:1   | Reached skill level 6 in Crossbows
  7934 | Lair:1   | Reached skill level 6 in Throwing
  7934 | Lair:1   | Reached skill level 6 in Armour
  7934 | Lair:1   | Reached skill level 6 in Shields
  7934 | Lair:1   | Reached skill level 6 in Unarmed Combat
  7934 | Lair:1   | Reached skill level 6 in Spellcasting
  7934 | Lair:1   | Reached skill level 6 in Evocations
  7998 | Lair:1   | Reached skill level 5 in Conjurations
  7998 | Lair:1   | Reached skill level 5 in Hexes
  7998 | Lair:1   | Reached skill level 5 in Charms
  7998 | Lair:1   | Reached skill level 5 in Summonings
  7998 | Lair:1   | Reached skill level 5 in Necromancy
  7998 | Lair:1   | Reached skill level 5 in Translocations
  7998 | Lair:1   | Reached skill level 5 in Transmutations
  7998 | Lair:1   | Reached skill level 5 in Fire Magic
  7998 | Lair:1   | Reached skill level 5 in Ice Magic
  7998 | Lair:1   | Reached skill level 5 in Air Magic
  7998 | Lair:1   | Reached skill level 5 in Earth Magic
  7998 | Lair:1   | Reached skill level 5 in Poison Magic
  8095 | Lair:1   | Received a gift from Okawaru
  8182 | Lair:1   | Received a gift from Okawaru
  8928 | Lair:1   | Reached skill level 7 in Invocations
  8971 | Lair:2   | Noticed an oklob plant
  9000 | Lair:2   | Killed an oklob plant
  9001 | Lair:2   | Reached skill level 7 in Fighting
  9001 | Lair:2   | Reached skill level 7 in Maces & Flails
  9123 | Lair:2   | Identified the Volume of Combat Magic
  9154 | Lair:2   | Received a gift from Okawaru
  9155 | Lair:2   | Reached skill level 10 in Dodging
  9196 | Lair:2   | Got a pitted granite ring
  9264 | Lair:2   | Reached XP level 12. HP: 69/91 MP: 22/22
  9506 | Lair:2   | HP: 11/91 [blink frog (12)]
  9511 | Lair:2   | Reached ****** piety under Okawaru
  9998 | Lair:2   | Received a gift from Okawaru
 10125 | Lair:3   | Noticed an eight-headed hydra
 10214 | Lair:3   | Reached skill level 7 in Short Blades
 10214 | Lair:3   | Reached skill level 7 in Long Blades
 10214 | Lair:3   | Reached skill level 7 in Axes
 10214 | Lair:3   | Reached skill level 7 in Polearms
 10214 | Lair:3   | Reached skill level 7 in Staves
 10214 | Lair:3   | Reached skill level 7 in Slings
 10214 | Lair:3   | Reached skill level 7 in Bows
 10214 | Lair:3   | Reached skill level 7 in Crossbows
 10214 | Lair:3   | Reached skill level 7 in Throwing
 10214 | Lair:3   | Reached skill level 7 in Armour
 10214 | Lair:3   | Reached skill level 7 in Shields
 10214 | Lair:3   | Reached skill level 7 in Unarmed Combat
 10214 | Lair:3   | Reached skill level 7 in Spellcasting
 10214 | Lair:3   | Reached skill level 7 in Evocations
 10229 | Lair:3   | Identified the ring "Poicymy" {rC+ Stlth--} (You found it
                  | on level 2 of the Lair of Beasts)
 10364 | Lair:3   | Found a staircase to the Swamp.
 10387 | Lair:3   | Reached skill level 6 in Conjurations
 10387 | Lair:3   | Reached skill level 6 in Hexes
 10387 | Lair:3   | Reached skill level 6 in Charms
 10387 | Lair:3   | Reached skill level 6 in Summonings
 10387 | Lair:3   | Reached skill level 6 in Necromancy
 10387 | Lair:3   | Reached skill level 6 in Translocations
 10387 | Lair:3   | Reached skill level 6 in Transmutations
 10387 | Lair:3   | Reached skill level 6 in Fire Magic
 10387 | Lair:3   | Reached skill level 6 in Ice Magic
 10387 | Lair:3   | Reached skill level 6 in Air Magic
 10387 | Lair:3   | Reached skill level 6 in Earth Magic
 10387 | Lair:3   | Reached skill level 6 in Poison Magic
 10401 | Lair:3   | Noticed Snorg
 10407 | Lair:3   | Killed Snorg
 10408 | Lair:3   | Reached skill level 8 in Invocations
 10474 | Lair:3   | Killed an eight-headed hydra
 10474 | Lair:3   | Received a gift from Okawaru
 10574 | Lair:3   | Noticed an eight-headed hydra
 10574 | Lair:3   | Noticed Harold
 10584 | Lair:3   | Killed an eight-headed hydra
 10584 | Lair:3   | Received a gift from Okawaru
 10585 | Lair:3   | Killed Harold
 10586 | Lair:3   | Reached skill level 8 in Fighting
 10586 | Lair:3   | Reached skill level 8 in Maces & Flails
 10586 | Lair:3   | Reached skill level 10 in Stealth
 10984 | Lair:4   | Noticed a five-headed hydra
 10990 | Lair:4   | Killed a five-headed hydra
 10991 | Lair:4   | Reached skill level 11 in Dodging
 11007 | Lair:4   | Noticed a six-headed hydra
 11016 | Lair:4   | Killed a six-headed hydra
 11039 | Lair:4   | Reached XP level 13. HP: 66/98 MP: 21/24
 11206 | Lair:4   | Received a gift from Okawaru
 11257 | Lair:4   | Received a gift from Okawaru
 11258 | Lair:4   | Reached skill level 8 in Short Blades
 11258 | Lair:4   | Reached skill level 8 in Long Blades
 11258 | Lair:4   | Reached skill level 8 in Axes
 11258 | Lair:4   | Reached skill level 8 in Polearms
 11258 | Lair:4   | Reached skill level 8 in Staves
 11258 | Lair:4   | Reached skill level 8 in Slings
 11258 | Lair:4   | Reached skill level 8 in Bows
 11258 | Lair:4   | Reached skill level 8 in Crossbows
 11258 | Lair:4   | Reached skill level 8 in Throwing
 11258 | Lair:4   | Reached skill level 8 in Armour
 11258 | Lair:4   | Reached skill level 8 in Shields
 11258 | Lair:4   | Reached skill level 8 in Unarmed Combat
 11258 | Lair:4   | Reached skill level 8 in Spellcasting
 11258 | Lair:4   | Reached skill level 8 in Evocations
 11658 | Lair:4   | Found a staircase to the Snake Pit.
 12188 | Lair:4   | Received a gift from Okawaru
 12268 | Lair:5   | Reached skill level 9 in Invocations
 12434 | Lair:5   | Got a shimmering whip
 12514 | Lair:5   | Got an ominously black robe
 12532 | Lair:5   | Received a gift from Okawaru
 12533 | Lair:5   | Got an iridescent quick blade {god gift}
 12538 | Lair:4   | Identified the +9 quick blade "Beuliush" {pierce, rF+ MR+}
                  | (Okawaru gifted it to you on level 5 of the Lair of Beasts)
 12538 | Lair:4   | Cast into level 1 of the Abyss (a distortion unwield)
 12570 | Abyss:1  | Found a corrupted altar of Lugonu.
 12618 | Abyss:1  | Identified the +8 whip of Taxation {slash, Str+2 Dex+2}
                  | (You found it on level 5 of the Lair of Beasts)
 12813 | Abyss:1  | Reached skill level 7 in Conjurations
 12813 | Abyss:1  | Reached skill level 7 in Hexes
 12813 | Abyss:1  | Reached skill level 7 in Charms
 12813 | Abyss:1  | Reached skill level 7 in Summonings
 12813 | Abyss:1  | Reached skill level 7 in Necromancy
 12813 | Abyss:1  | Reached skill level 7 in Translocations
 12813 | Abyss:1  | Reached skill level 7 in Transmutations
 12813 | Abyss:1  | Reached skill level 7 in Fire Magic
 12813 | Abyss:1  | Reached skill level 7 in Ice Magic
 12813 | Abyss:1  | Reached skill level 7 in Air Magic
 12813 | Abyss:1  | Reached skill level 7 in Earth Magic
 12813 | Abyss:1  | Reached skill level 7 in Poison Magic
 12831 | Abyss:1  | Noticed an ironheart preserver
 12831 | Abyss:1  | Noticed an ironheart preserver
 12867 | Abyss:1  | Reached skill level 12 in Dodging
 12997 | Abyss:1  | Reached skill level 9 in Fighting
 12997 | Abyss:1  | Reached skill level 9 in Maces & Flails
 13003 | Abyss:1  | Noticed a deep elf sorcerer
 13014 | Abyss:1  | Killed a deep elf sorcerer
 13014 | Abyss:1  | Received a gift from Okawaru
 13106 | Abyss:1  | HP: 12/80 [wretched star/orb of energy (18)]
 13110 | Abyss:1  | Reached XP level 14. HP: 14/86 MP: 21/21
 13234 | Lair:4   | Escaped the Abyss
 13373 | Lair:4   | Identified the +2 robe of Resourcefulness {MR++ Int+4} (You
                  | found it on level 5 of the Lair of Beasts)
 13854 | Lair:5   | Received a gift from Okawaru
 14266 | Lair:6   | Entered Level 6 of the Lair of Beasts
 14423 | Lair:6   | Received a gift from Okawaru
 14424 | Lair:6   | Found the +3 crown of Dyrovepreva {rElec Int+2 SInv}
 14433 | Lair:6   | Reached skill level 11 in Stealth
 14444 | Lair:6   | Reached skill level 9 in Short Blades
 14444 | Lair:6   | Reached skill level 9 in Long Blades
 14444 | Lair:6   | Reached skill level 9 in Axes
 14444 | Lair:6   | Reached skill level 9 in Polearms
 14444 | Lair:6   | Reached skill level 9 in Staves
 14444 | Lair:6   | Reached skill level 9 in Slings
 14444 | Lair:6   | Reached skill level 9 in Bows
 14444 | Lair:6   | Reached skill level 9 in Crossbows
 14444 | Lair:6   | Reached skill level 9 in Throwing
 14444 | Lair:6   | Reached skill level 9 in Armour
 14444 | Lair:6   | Reached skill level 9 in Shields
 14444 | Lair:6   | Reached skill level 9 in Unarmed Combat
 14444 | Lair:6   | Reached skill level 9 in Spellcasting
 14444 | Lair:6   | Reached skill level 9 in Evocations
 14686 | Lair:6   | Noticed an apis
 14701 | Lair:6   | Killed an apis
 14740 | Lair:6   | Reached skill level 10 in Invocations
 15033 | Lair:6   | Reached skill level 13 in Dodging
 15352 | Lair:6   | Noticed an apis
 15374 | Lair:6   | Killed an apis
 15374 | Lair:6   | Received a gift from Okawaru
 15393 | Lair:6   | Found a staircase to the Spriggan Forest.
 15393 | Lair:6   | Noticed an apis
 15393 | Lair:6   | Noticed an apis
 15410 | Lair:6   | Killed an apis
 15419 | Lair:6   | Killed an apis
 15420 | Lair:6   | Reached skill level 8 in Conjurations
 15420 | Lair:6   | Reached skill level 8 in Hexes
 15420 | Lair:6   | Reached skill level 8 in Charms
 15420 | Lair:6   | Reached skill level 8 in Summonings
 15420 | Lair:6   | Reached skill level 8 in Necromancy
 15420 | Lair:6   | Reached skill level 8 in Translocations
 15420 | Lair:6   | Reached skill level 8 in Transmutations
 15420 | Lair:6   | Reached skill level 8 in Fire Magic
 15420 | Lair:6   | Reached skill level 8 in Ice Magic
 15420 | Lair:6   | Reached skill level 8 in Air Magic
 15420 | Lair:6   | Reached skill level 8 in Earth Magic
 15420 | Lair:6   | Reached skill level 8 in Poison Magic
 15420 | Lair:6   | Reached XP level 15. HP: 39/115 MP: 22/28
 15606 | Lair:6   | Reached skill level 10 in Fighting
 15606 | Lair:6   | Reached skill level 10 in Maces & Flails
 15864 | Lair:6   | Got an ichor-stained leather armour
 15875 | Lair:6   | Identified the +3 leather armour "Ruoseesy" {rC+ Str+5}
                  | (You found it on level 6 of the Lair of Beasts)
 16125 | Lair:6   | Received a gift from Okawaru
 16181 | Lair:6   | Got a jewelled ring mail
 16192 | Lair:6   | Identified the cursed +0 ring mail of the Eternal Void {rF+
                  | Str+4 Stlth+} (You found it on level 6 of the Lair of
                  | Beasts)
 16647 | D:9      | Noticed Psyche
 16668 | D:9      | Killed Psyche
 16682 | D:9      | Found Pojustal's Jewellery Shop.
 16690 | D:9      | Bought the ring "Pienid" {+Fly MR+} for 384 gold pieces
 16869 | D:9      | Found a radiant altar of Vehumet.
 17108 | D:10     | Entered Level 10 of the Dungeon
 17409 | D:10     | Found the cursed +13 scythe of Curses {drain, *Curse}
 17416 | D:10     | Reached skill level 10 in Short Blades
 17416 | D:10     | Reached skill level 10 in Long Blades
 17416 | D:10     | Reached skill level 10 in Axes
 17416 | D:10     | Reached skill level 10 in Polearms
 17416 | D:10     | Reached skill level 10 in Staves
 17416 | D:10     | Reached skill level 10 in Slings
 17416 | D:10     | Reached skill level 10 in Bows
 17416 | D:10     | Reached skill level 10 in Crossbows
 17416 | D:10     | Reached skill level 10 in Throwing
 17416 | D:10     | Reached skill level 10 in Armour
 17416 | D:10     | Reached skill level 10 in Shields
 17416 | D:10     | Reached skill level 10 in Unarmed Combat
 17416 | D:10     | Reached skill level 10 in Spellcasting
 17416 | D:10     | Reached skill level 10 in Evocations
 17478 | D:10     | Got a twisted great sword
 17484 | D:10     | Identified the +10 great sword "Xiepits" {slice, *Noise rF+
                  | Dex+2} (You found it on level 10 of the Dungeon)
 17779 | D:10     | Received a gift from Okawaru
 18004 | D:10     | Reached skill level 14 in Dodging
 18006 | D:10     | HP: 17/117 [poisoned by an orc knight]
 18012 | D:10     | HP: 14/117 [poisoned by an orc knight]
 18127 | D:10     | Found a staircase to the Orcish Mines.
 18355 | Orc      | Entered the Orcish Mines
 18361 | Orc      | Reached skill level 11 in Invocations
 18362 | Orc      | Received a gift from Okawaru
 18678 | Orc      | Found a viscous altar of Jiyva.
 18678 | Orc      | Found a staircase to the Slime Pits.
 19126 | Orc      | Found Weriyzal's Antique Armour Shoppe.
 19135 | Orc      | Bought a spiked scale mail for 270 gold pieces
 19135 | Orc      | Identified the +5 scale mail of the Hunter {Str+4 Dex+6
                  | Slay+2} (You bought it in a shop in the Orcish Mines)
 19209 | Orc      | Found a roughly hewn altar of Beogh.
 19356 | Orc      | Found Namyllel's Jewellery Boutique.
 19387 | Orc      | Received a gift from Okawaru
 19392 | Orc      | Found Urhe's General Store.
 19405 | Orc      | Bought a scroll of teleportation for 42 gold pieces
 19405 | Orc      | Bought a scroll of teleportation for 42 gold pieces
 19424 | Orc      | Found Zowudaw's Antique Weapon Boutique.
 19505 | Orc      | Reached skill level 12 in Stealth
 19523 | Orc      | Noticed an orc warlord
 19531 | Orc      | Killed an orc warlord
 19531 | Orc      | Received a gift from Okawaru
 19532 | Orc      | Reached XP level 16. HP: 124/124 MP: 30/30
 19792 | Orc      | Learned a level 4 spell: Yara's Violent Unravelling
 20355 | D:11     | Received a gift from Okawaru
 20432 | D:11     | Found a gate to the Vaults.
 20949 | D:12     | Entered Level 12 of the Dungeon
 21650 | D:12     | Reached skill level 9 in Conjurations
 21650 | D:12     | Reached skill level 9 in Hexes
 21650 | D:12     | Reached skill level 9 in Charms
 21650 | D:12     | Reached skill level 9 in Summonings
 21650 | D:12     | Reached skill level 9 in Necromancy
 21650 | D:12     | Reached skill level 9 in Translocations
 21650 | D:12     | Reached skill level 9 in Transmutations
 21650 | D:12     | Reached skill level 9 in Fire Magic
 21650 | D:12     | Reached skill level 9 in Ice Magic
 21650 | D:12     | Reached skill level 9 in Air Magic
 21650 | D:12     | Reached skill level 9 in Earth Magic
 21650 | D:12     | Reached skill level 9 in Poison Magic
 21653 | D:12     | Found a staircase to the Depths.
 21993 | Swamp:1  | Entered Level 1 of the Swamp
 22161 | Swamp:1  | Noticed a thorn hunter
 22171 | Swamp:1  | Killed a thorn hunter
 22360 | Swamp:1  | Reached skill level 11 in Fighting
 22360 | Swamp:1  | Reached skill level 11 in Maces & Flails
 23206 | Swamp:1  | Noticed a tentacled monstrosity
 23232 | Swamp:1  | Killed a tentacled monstrosity
 23232 | Swamp:1  | Received a gift from Okawaru
 23386 | Swamp:2  | Noticed Bai Suzhen
 23421 | Swamp:2  | Killed Bai Suzhen
 23421 | Swamp:2  | Received a gift from Okawaru
 23422 | Swamp:2  | Reached skill level 15 in Dodging
 23438 | Swamp:2  | Received a gift from Okawaru
 23601 | Swamp:2  | Reached skill level 11 in Short Blades
 23601 | Swamp:2  | Reached skill level 11 in Long Blades
 23601 | Swamp:2  | Reached skill level 11 in Axes
 23601 | Swamp:2  | Reached skill level 11 in Polearms
 23601 | Swamp:2  | Reached skill level 11 in Staves
 23601 | Swamp:2  | Reached skill level 11 in Slings
 23601 | Swamp:2  | Reached skill level 11 in Bows
 23601 | Swamp:2  | Reached skill level 11 in Crossbows
 23601 | Swamp:2  | Reached skill level 11 in Throwing
 23601 | Swamp:2  | Reached skill level 11 in Armour
 23601 | Swamp:2  | Reached skill level 11 in Shields
 23601 | Swamp:2  | Reached skill level 11 in Unarmed Combat
 23601 | Swamp:2  | Reached skill level 11 in Spellcasting
 23601 | Swamp:2  | Reached skill level 11 in Evocations
 23888 | Swamp:2  | Reached XP level 17. HP: 131/131 MP: 30/32
 24493 | Swamp:3  | Entered Level 3 of the Swamp
 24553 | Swamp:3  | Reached skill level 12 in Invocations
 24598 | Swamp:3  | Received a gift from Okawaru
 24768 | Swamp:3  | Received a gift from Okawaru
 24860 | Swamp:3  | Received a gift from Okawaru
 24861 | Swamp:3  | Got a buzzing executioner's axe {god gift}
 25025 | Swamp:3  | Identified the +1 executioner's axe "Jaum" {holy, rPois rF+
                  | rN+ Int-2} (Okawaru gifted it to you on level 3 of the
                  | Swamp)
 25025 | Swamp:3  | Got a decaying rune of Zot
 25576 | Swamp:3  | Noticed Louise
 25600 | Swamp:3  | Killed Louise
 25972 | Snake:1  | Entered Level 1 of the Snake Pit
 25979 | Snake:1  | Learned a level 5 spell: Summon Lightning Spire
 26624 | Snake:1  | Received a gift from Okawaru
 26820 | Snake:1  | Reached skill level 13 in Stealth
 26888 | Snake:1  | Identified the +0 pair of gloves "Joles" {-Cast MP+9 Str+3
                  | Stlth+} (Okawaru gifted it to you on level 1 of the Snake
                  | Pit)
 26888 | Snake:1  | Received a gift from Okawaru
 27424 | Snake:2  | Found Mextep's Gadget Shoppe.
 27424 | Snake:2  | Found Tiajiav's Jewellery Boutique.
 27425 | Snake:2  | Found Diuqaogh's Jewellery Boutique.
 27476 | Snake:2  | Found a flickering gateway to a bazaar.
 27490 | Bazaar   | Entered a bazaar
 27592 | Bazaar   | Found Maturch's Assorted Antiques.
 27605 | Bazaar   | Found Kydd's Distillery.
 27619 | Bazaar   | Found Huissiz's Food Boutique.
 27619 | Bazaar   | Found Efaprif's Magic Scroll Shop.
 27689 | Bazaar   | Bought a potion of curing for 30 gold pieces
 27689 | Bazaar   | Bought a potion of curing for 30 gold pieces
 27689 | Bazaar   | Bought a potion of haste for 120 gold pieces
 27689 | Bazaar   | Bought 2 potions of haste for 240 gold pieces
 27689 | Bazaar   | Bought a potion of heal wounds for 60 gold pieces
 27689 | Bazaar   | Bought a potion of heal wounds for 60 gold pieces
 27689 | Bazaar   | Bought a potion of curing for 30 gold pieces
 27689 | Bazaar   | Bought 2 potions of curing for 60 gold pieces
 27689 | Bazaar   | Bought a potion of curing for 30 gold pieces
 27689 | Bazaar   | Bought a potion of cancellation for 60 gold pieces
 27703 | Bazaar   | Bought a scroll of blinking for 105 gold pieces
 27703 | Bazaar   | Bought a scroll of teleportation for 42 gold pieces
 27718 | Bazaar   | Bought a potion of heal wounds for 170 gold pieces
 27718 | Bazaar   | Bought a scroll labeled YGENTOGRAX for 34 gold pieces
 27718 | Bazaar   | Bought a scroll of enchant armour for 255 gold pieces
 27764 | Bazaar   | Bought a crude rapier for 306 gold pieces
 27764 | Bazaar   | Identified the +6 rapier "Arcanum" {freeze, Dex+5} (You
                  | bought it in a shop in a bazaar)
 27778 | Bazaar   | Bought a scroll of brand weapon for 252 gold pieces
 27778 | Bazaar   | Bought a scroll of amnesia for 49 gold pieces
 27917 | Snake:2  | Reached skill level 10 in Conjurations
 27917 | Snake:2  | Reached skill level 10 in Hexes
 27917 | Snake:2  | Reached skill level 10 in Charms
 27917 | Snake:2  | Reached skill level 10 in Summonings
 27917 | Snake:2  | Reached skill level 10 in Necromancy
 27917 | Snake:2  | Reached skill level 10 in Translocations
 27917 | Snake:2  | Reached skill level 10 in Transmutations
 27917 | Snake:2  | Reached skill level 10 in Fire Magic
 27917 | Snake:2  | Reached skill level 10 in Ice Magic
 27917 | Snake:2  | Reached skill level 10 in Air Magic
 27917 | Snake:2  | Reached skill level 10 in Earth Magic
 27917 | Snake:2  | Reached skill level 10 in Poison Magic
 28109 | Snake:2  | Noticed Aizul
 28135 | Snake:2  | Killed Aizul
 28136 | Snake:2  | Reached skill level 12 in Fighting
 28136 | Snake:2  | Reached skill level 12 in Maces & Flails
 28136 | Snake:2  | Reached skill level 16 in Dodging
 28136 | Snake:2  | Reached XP level 18. HP: 87/140 MP: 28/33
 28776 | Snake:2  | Noticed Asterion
 28785 | Snake:2  | Killed Asterion
 29011 | Snake:2  | Bought a wand of acid (7) for 304 gold pieces
 29208 | Snake:2  | Noticed Vashnia
 29244 | Snake:2  | Killed Vashnia
 29257 | Snake:2  | HP: 18/140 [naga sharpshooter/bolt[Vashnia] (14)]
 29479 | Snake:2  | Received a gift from Okawaru
 29859 | Snake:3  | Entered Level 3 of the Snake Pit
 30146 | Snake:3  | Identified the +5 whip of Ticrasuk {drain, Dex+4} (You
                  | found it on level 3 of the Snake Pit)
 30162 | Snake:3  | Reached skill level 12 in Short Blades
 30162 | Snake:3  | Reached skill level 12 in Long Blades
 30162 | Snake:3  | Reached skill level 12 in Axes
 30162 | Snake:3  | Reached skill level 12 in Polearms
 30162 | Snake:3  | Reached skill level 12 in Staves
 30162 | Snake:3  | Reached skill level 12 in Slings
 30162 | Snake:3  | Reached skill level 12 in Bows
 30162 | Snake:3  | Reached skill level 12 in Crossbows
 30162 | Snake:3  | Reached skill level 12 in Throwing
 30162 | Snake:3  | Reached skill level 12 in Armour
 30162 | Snake:3  | Reached skill level 12 in Shields
 30162 | Snake:3  | Reached skill level 12 in Unarmed Combat
 30162 | Snake:3  | Reached skill level 12 in Spellcasting
 30162 | Snake:3  | Reached skill level 12 in Evocations
 30371 | Snake:3  | Reached skill level 13 in Invocations
 30896 | Snake:3  | Identified the amulet of Orphere {Gourm rN+ Int+8}
 31013 | Snake:3  | Received a gift from Okawaru
 31660 | Snake:3  | Reached XP level 19. HP: 126/148 MP: 30/35
 31776 | Snake:3  | Got a serpentine rune of Zot
 32297 | Vaults:1 | Entered Level 1 of the Vaults
 32372 | Vaults:1 | Received a gift from Okawaru
 32727 | Vaults:1 | Identified the scarf of Limitation {+Inv, rC+ Str+2 SInv
                  | Stlth+} (Okawaru gifted it to you on level 1 of the Vaults)
 32727 | Vaults:1 | Received a gift from Okawaru
 32740 | Vaults:1 | Reached skill level 17 in Dodging
 33357 | Vaults:1 | Found a staircase to the Crypt.
 33357 | Vaults:1 | Found a basalt altar of Yredelemnul.
 33357 | Vaults:1 | Found an ancient bone altar of Kikubaaqudgha.
 33393 | Vaults:1 | Found Lirghuoto's Antique Armour Emporium.
 33417 | Vaults:1 | Reached skill level 14 in Stealth
 33619 | Vaults:1 | Noticed a Hell Sentinel
 33640 | Vaults:1 | Reached skill level 13 in Fighting
 33640 | Vaults:1 | Reached skill level 13 in Maces & Flails
 33902 | Vaults:1 | Reached skill level 11 in Conjurations
 33902 | Vaults:1 | Reached skill level 11 in Hexes
 33902 | Vaults:1 | Reached skill level 11 in Charms
 33902 | Vaults:1 | Reached skill level 11 in Summonings
 33902 | Vaults:1 | Reached skill level 11 in Necromancy
 33902 | Vaults:1 | Reached skill level 11 in Translocations
 33902 | Vaults:1 | Reached skill level 11 in Transmutations
 33902 | Vaults:1 | Reached skill level 11 in Fire Magic
 33902 | Vaults:1 | Reached skill level 11 in Ice Magic
 33902 | Vaults:1 | Reached skill level 11 in Air Magic
 33902 | Vaults:1 | Reached skill level 11 in Earth Magic
 33902 | Vaults:1 | Reached skill level 11 in Poison Magic
 34078 | Vaults:2 | Received a gift from Okawaru
 34244 | Vaults:2 | Received a gift from Okawaru
 34273 | Vaults:2 | Noticed a tentacled monstrosity
 34330 | Vaults:2 | Killed a tentacled monstrosity
 34411 | Vaults:2 | Reached XP level 20. HP: 140/156 MP: 36/36
 34543 | Vaults:2 | Reached skill level 14 in Invocations
 34550 | Vaults:2 | Reached skill level 13 in Short Blades
 34550 | Vaults:2 | Reached skill level 13 in Long Blades
 34550 | Vaults:2 | Reached skill level 13 in Axes
 34550 | Vaults:2 | Reached skill level 13 in Polearms
 34550 | Vaults:2 | Reached skill level 13 in Staves
 34550 | Vaults:2 | Reached skill level 13 in Slings
 34550 | Vaults:2 | Reached skill level 13 in Bows
 34550 | Vaults:2 | Reached skill level 13 in Crossbows
 34550 | Vaults:2 | Reached skill level 13 in Throwing
 34550 | Vaults:2 | Reached skill level 13 in Armour
 34550 | Vaults:2 | Reached skill level 13 in Shields
 34550 | Vaults:2 | Reached skill level 13 in Unarmed Combat
 34550 | Vaults:2 | Reached skill level 13 in Spellcasting
 34550 | Vaults:2 | Reached skill level 13 in Evocations
 34894 | Vaults:2 | Found Viqastro's Gadget Shoppe.
 34899 | Vaults:2 | Bought a wand of clouds (4) for 270 gold pieces
 34899 | Vaults:2 | Bought a wand of iceblast (4) for 135 gold pieces
 36106 | Forest:1 | Entered Level 1 of the Spriggan Forest
 36579 | Forest:1 | Received a gift from Okawaru
 37736 | Forest:2 | Received a gift from Okawaru
 37737 | Forest:2 | Reached skill level 18 in Dodging
 37864 | Forest:2 | Received a gift from Okawaru
 37865 | Forest:2 | Found the +0 pair of fencer's gloves {Riposte Dex+6}
 38061 | Forest:2 | Learned a level 1 spell: Infusion
 38067 | Forest:2 | Learned a level 5 spell: Summon Mana Viper
 38073 | Forest:2 | Learned a level 5 spell: Freezing Cloud
 38080 | Forest:2 | Learned a level 6 spell: Death Channel
 38450 | Forest:3 | Entered Level 3 of the Spriggan Forest
 38611 | Forest:3 | Reached XP level 21. HP: 149/164 MP: 22/38
 38654 | Forest:3 | Received a gift from Okawaru
 38717 | Forest:3 | Received a gift from Okawaru
 38736 | Forest:3 | Identified the cursed +1 spear of the Eternal Void {venom,
                  | rC+ rN+ Int+9 Stlth-}
 38756 | Forest:3 | Reached skill level 14 in Fighting
 38756 | Forest:3 | Reached skill level 14 in Maces & Flails
 38813 | Forest:3 | Reached skill level 15 in Stealth
 38999 | Forest:3 | Identified the +4 mace "Ecwagob" {drain, +Blink Dex+3}
 39001 | Forest:3 | Identified the +1 faerie dragon scales {*Slow rF++ rCorr
                  | Str-5 Int+9}
 39001 | Forest:3 | Identified the cursed ring "Kiuriusch" {Ice rPois}
 39001 | Forest:3 | Noticed the Enchantress
 39113 | Forest:3 | Reached skill level 15 in Invocations
 39158 | Forest:3 | Was placed under penance by Okawaru
 39169 | Forest:3 | Reached skill level 12 in Conjurations
 39169 | Forest:3 | Reached skill level 12 in Hexes
 39169 | Forest:3 | Reached skill level 12 in Charms
 39169 | Forest:3 | Reached skill level 12 in Summonings
 39169 | Forest:3 | Reached skill level 12 in Necromancy
 39169 | Forest:3 | Reached skill level 12 in Translocations
 39169 | Forest:3 | Reached skill level 12 in Transmutations
 39169 | Forest:3 | Reached skill level 12 in Fire Magic
 39169 | Forest:3 | Reached skill level 12 in Ice Magic
 39169 | Forest:3 | Reached skill level 12 in Air Magic
 39169 | Forest:3 | Reached skill level 12 in Earth Magic
 39169 | Forest:3 | Reached skill level 12 in Poison Magic
 39285 | Forest:3 | Killed the Enchantress
 39300 | Forest:3 | Was forgiven by Okawaru
 39322 | Forest:3 | Learned a level 3 spell: Regeneration
 39467 | Forest:3 | Reached skill level 14 in Short Blades
 39467 | Forest:3 | Reached skill level 14 in Long Blades
 39467 | Forest:3 | Reached skill level 14 in Axes
 39467 | Forest:3 | Reached skill level 14 in Polearms
 39467 | Forest:3 | Reached skill level 14 in Staves
 39467 | Forest:3 | Reached skill level 14 in Slings
 39467 | Forest:3 | Reached skill level 14 in Bows
 39467 | Forest:3 | Reached skill level 14 in Crossbows
 39467 | Forest:3 | Reached skill level 14 in Throwing
 39467 | Forest:3 | Reached skill level 14 in Armour
 39467 | Forest:3 | Reached skill level 14 in Shields
 39467 | Forest:3 | Reached skill level 14 in Unarmed Combat
 39467 | Forest:3 | Reached skill level 14 in Spellcasting
 39467 | Forest:3 | Reached skill level 14 in Evocations
 39669 | Forest:3 | Reached skill level 19 in Dodging
 41057 | Depths:1 | Entered Level 1 of the Depths
 41063 | Depths:1 | Identified the ring "Mifam" {rCorr Str+2} (You acquired it
                  | on level 1 of the Depths)
 41247 | Depths:1 | Found a gateway to a bazaar.
 41270 | Depths:1 | Reached XP level 22. HP: 172/172 MP: 40/40
 41373 | Depths:1 | Found Rirr's Changing Room.
 41595 | Depths:1 | Noticed Nikola
 41631 | Depths:1 | Found a gateway to Hell.
 41646 | Depths:1 | Killed Nikola
 41773 | Depths:1 | Found a one-way gate leading to the halls of Pandemonium.
 41779 | Depths:1 | Received a gift from Okawaru
 42395 | Bazaar   | Entered a bazaar
 42417 | Bazaar   | Found Ywuak's Armour Shoppe.
 42417 | Bazaar   | Found Nylaec's Jewellery Emporium.
 42439 | Bazaar   | Found Hessicly's Jewellery Shoppe.
 42439 | Bazaar   | Found Pipnen's Antique Weapon Emporium.
 42461 | Bazaar   | Found Zuanitiu's Magic Scroll Emporium.
 42466 | Bazaar   | Bought a scroll of blinking for 75 gold pieces
 42466 | Bazaar   | Bought a scroll of blinking for 75 gold pieces
 42466 | Bazaar   | Bought a scroll of blinking for 75 gold pieces
 42537 | Bazaar   | Bought a scroll of summoning for 100 gold pieces
 42537 | Bazaar   | Bought a scroll of enchant armour for 75 gold pieces
 42537 | Bazaar   | Bought a scroll of teleportation for 30 gold pieces
 42537 | Bazaar   | Bought a scroll of enchant armour for 75 gold pieces
 42537 | Bazaar   | Bought a scroll of revelation for 40 gold pieces
 43081 | Depths:2 | Received a gift from Okawaru
 43400 | Depths:2 | Found a corrupted altar of Lugonu.
 43413 | Depths:2 | Found a gateway to a ziggurat.
 43414 | Depths:2 | Paralysed by a floating eye for 4 turns
 43546 | Depths:2 | Found a one-way gate to the infinite horrors of the Abyss.
 43637 | Depths:2 | Received a gift from Okawaru
 43668 | Depths:2 | Noticed Mara
 43694 | Depths:2 | Killed Mara
 43694 | Depths:2 | Received a gift from Okawaru
 43919 | Depths:3 | Identified the +2 short sword of Dust {elec, rPois Str+5
                  | Stlth+} (Okawaru gifted it to you on level 3 of the Depths)
 43919 | Depths:3 | Received a gift from Okawaru
 44117 | Depths:3 | Reached XP level 23. HP: 180/180 MP: 41/41
 44674 | Depths:4 | Noticed a caustic shrike
 44674 | Depths:4 | Noticed a caustic shrike
 44674 | Depths:4 | Noticed a caustic shrike
 44674 | Depths:4 | Noticed a caustic shrike
 44676 | Depths:4 | Killed a caustic shrike
 44677 | Depths:4 | Killed a caustic shrike
 44679 | Depths:4 | Killed a caustic shrike
 44689 | Depths:4 | Killed a caustic shrike
 44689 | Depths:4 | Received a gift from Okawaru
 44690 | Depths:4 | Reached skill level 15 in Fighting
 44690 | Depths:4 | Reached skill level 15 in Maces & Flails
 44735 | Depths:4 | Reached skill level 20 in Dodging
 44768 | Depths:4 | Reached skill level 16 in Invocations
 45046 | Depths:4 | Noticed a golden dragon
 45050 | Depths:4 | Killed a golden dragon
 45191 | Depths:4 | Reached skill level 16 in Stealth
 45393 | Depths:4 | Reached skill level 15 in Short Blades
 45393 | Depths:4 | Reached skill level 15 in Long Blades
 45393 | Depths:4 | Reached skill level 15 in Axes
 45393 | Depths:4 | Reached skill level 15 in Polearms
 45393 | Depths:4 | Reached skill level 15 in Staves
 45393 | Depths:4 | Reached skill level 15 in Slings
 45393 | Depths:4 | Reached skill level 15 in Bows
 45393 | Depths:4 | Reached skill level 15 in Crossbows
 45393 | Depths:4 | Reached skill level 15 in Throwing
 45393 | Depths:4 | Reached skill level 15 in Armour
 45393 | Depths:4 | Reached skill level 15 in Shields
 45393 | Depths:4 | Reached skill level 15 in Unarmed Combat
 45393 | Depths:4 | Reached skill level 15 in Spellcasting
 45393 | Depths:4 | Reached skill level 15 in Evocations
 45466 | Depths:4 | Learned a level 5 spell: Steam Barrier
 45587 | Depths:4 | Noticed a caustic shrike
 45590 | Depths:4 | Killed a caustic shrike
 45591 | Depths:4 | Reached skill level 13 in Conjurations
 45591 | Depths:4 | Reached skill level 13 in Hexes
 45591 | Depths:4 | Reached skill level 13 in Charms
 45591 | Depths:4 | Reached skill level 13 in Summonings
 45591 | Depths:4 | Reached skill level 13 in Necromancy
 45591 | Depths:4 | Reached skill level 13 in Translocations
 45591 | Depths:4 | Reached skill level 13 in Transmutations
 45591 | Depths:4 | Reached skill level 13 in Fire Magic
 45591 | Depths:4 | Reached skill level 13 in Ice Magic
 45591 | Depths:4 | Reached skill level 13 in Air Magic
 45591 | Depths:4 | Reached skill level 13 in Earth Magic
 45591 | Depths:4 | Reached skill level 13 in Poison Magic
 45610 | Depths:4 | Noticed a caustic shrike
 45613 | Depths:4 | Killed a caustic shrike
 45783 | Depths:4 | Noticed a caustic shrike
 45790 | Depths:4 | Received a gift from Okawaru
 45790 | Depths:4 | Noticed a juggernaut
 45894 | Depths:3 | Identified the +5 scale mail "Iffaunu" {rC+ Int+4}
 46357 | Depths:4 | Noticed a golden dragon
 46367 | Depths:4 | Killed a golden dragon
 46367 | Depths:4 | Received a gift from Okawaru
 46427 | Depths:4 | Reached XP level 24. HP: 166/189 MP: 38/42
 46560 | Depths:4 | Killed a juggernaut
 46655 | Depths:4 | Killed a caustic shrike
 47194 | Depths:5 | Entered Level 5 of the Depths
 47613 | Depths:5 | Found a gate to the Realm of Zot.
 47646 | Depths:5 | Noticed a juggernaut
 47658 | Depths:5 | Killed a juggernaut
 47658 | Depths:5 | Received a gift from Okawaru
 47925 | Depths:5 | Received a gift from Okawaru
 48065 | Depths:5 | Received a gift from Okawaru
 48316 | Depths:5 | Noticed a juggernaut
 48328 | Depths:5 | Killed a juggernaut
 48329 | Depths:5 | Reached skill level 21 in Dodging
 48701 | Depths:4 | Learned a level 6 spell: Simulacrum
 49210 | Orc      | Bought the ring "Velyr" {rElec rF++} for 594 gold pieces
 49438 | Vaults:3 | Entered Level 3 of the Vaults
 49451 | Vaults:3 | Received a gift from Okawaru
 49562 | Vaults:3 | Received a gift from Okawaru
 49582 | Vaults:3 | Reached skill level 17 in Invocations
 49633 | Vaults:3 | Received a gift from Okawaru
 49693 | Vaults:3 | Identified the +5 scimitar of the Eggplant {venom, Str+2}
 49693 | Vaults:3 | Identified the ring of Hebbon {rF+ rC+++ rN+ Int-2 Dex+5}
 49699 | Vaults:3 | Noticed a juggernaut
 49712 | Vaults:3 | Killed a juggernaut
 49713 | Vaults:3 | Reached skill level 16 in Fighting
 49713 | Vaults:3 | Reached skill level 16 in Maces & Flails
 49713 | Vaults:3 | Reached XP level 25. HP: 184/197 MP: 32/42
 49734 | Vaults:3 | Identified the ring of Liberalism {Str+2 Slay+5 Stlth--}
 49744 | Vaults:3 | Identified the ring of the Salmon {Str+3 Stlth--}
 49745 | Vaults:3 | Identified the cursed ring "Hopsid" {Ice +Inv rPois Int-3}
 49766 | Vaults:3 | Identified the Incunabulum of Dark Bewitchment
 49902 | Vaults:3 | Received a gift from Okawaru
 49909 | Vaults:3 | Reached skill level 16 in Short Blades
 49909 | Vaults:3 | Reached skill level 16 in Long Blades
 49909 | Vaults:3 | Reached skill level 16 in Axes
 49909 | Vaults:3 | Reached skill level 16 in Polearms
 49909 | Vaults:3 | Reached skill level 16 in Staves
 49909 | Vaults:3 | Reached skill level 16 in Slings
 49909 | Vaults:3 | Reached skill level 16 in Bows
 49909 | Vaults:3 | Reached skill level 16 in Crossbows
 49909 | Vaults:3 | Reached skill level 16 in Throwing
 49909 | Vaults:3 | Reached skill level 16 in Armour
 49909 | Vaults:3 | Reached skill level 16 in Shields
 49909 | Vaults:3 | Reached skill level 16 in Unarmed Combat
 49909 | Vaults:3 | Reached skill level 16 in Spellcasting
 49909 | Vaults:3 | Reached skill level 16 in Evocations
 49917 | Vaults:3 | Identified the cursed +0 chain mail "Koseh" {MR+}
 49930 | Vaults:3 | Received a gift from Okawaru
 49931 | Vaults:3 | Reached skill level 17 in Stealth
 49945 | Vaults:3 | Identified the +5 scythe of Fate {slice, Int+4}
 49954 | Vaults:3 | Received a gift from Okawaru
 49964 | Vaults:3 | Received a gift from Okawaru
 49988 | Vaults:3 | Received a gift from Okawaru
 50001 | Vaults:3 | Reached skill level 14 in Conjurations
 50001 | Vaults:3 | Reached skill level 14 in Hexes
 50001 | Vaults:3 | Reached skill level 14 in Charms
 50001 | Vaults:3 | Reached skill level 14 in Summonings
 50001 | Vaults:3 | Reached skill level 14 in Necromancy
 50001 | Vaults:3 | Reached skill level 14 in Translocations
 50001 | Vaults:3 | Reached skill level 14 in Transmutations
 50001 | Vaults:3 | Reached skill level 14 in Fire Magic
 50001 | Vaults:3 | Reached skill level 14 in Ice Magic
 50001 | Vaults:3 | Reached skill level 14 in Air Magic
 50001 | Vaults:3 | Reached skill level 14 in Earth Magic
 50001 | Vaults:3 | Reached skill level 14 in Poison Magic
 50005 | Vaults:3 | Received a gift from Okawaru
 50156 | Vaults:3 | Identified the amulet of Zyllow {Gourm rN+++ Str-2 Dex+3
                  | Slay+6}
 50174 | Vaults:3 | Received a gift from Okawaru
 50353 | Vaults:3 | Identified the cursed +1 great mace "Pawuir" {crush, +Blink
                  | rPois Dex+4}
 50638 | Vaults:3 | Got a silver rune of Zot
 50827 | Vaults:3 | Identified the Disquisition on Air
 51051 | Vaults:3 | Identified the +6 hand axe "Ygoicvidd" {vamp, MR+ Int+2
                  | Stlth+}
 52593 | Zot:1    | Entered Level 1 of the Realm of Zot
 52593 | Zot:1    | Noticed a Killer Klown
 52593 | Zot:1    | Noticed a Killer Klown
 52593 | Zot:1    | Noticed a Killer Klown
 52593 | Zot:1    | Noticed a Killer Klown
 52611 | Depths:5 | Killed a Killer Klown
 52612 | Depths:5 | Reached XP level 26. HP: 165/206 MP: 25/43
 52619 | Depths:5 | Killed a Killer Klown
 52624 | Depths:5 | Killed a Killer Klown
 52625 | Depths:5 | Reached skill level 22 in Dodging
 52633 | Zot:1    | Killed a Killer Klown
 53377 | Zot:1    | Identified the +6 great sword of Esmut {slice, rElec Str+4
                  | Dex+3} (Okawaru gifted it to you on level 1 of the Realm of
                  | Zot)
 53377 | Zot:1    | Received a gift from Okawaru
 53606 | Zot:1    | Reached skill level 18 in Invocations
 53894 | Zot:1    | Noticed a golden dragon
 53913 | Zot:1    | Killed a golden dragon
 54210 | Zot:2    | Received a gift from Okawaru
 54441 | Zot:2    | Reached skill level 17 in Fighting
 54441 | Zot:2    | Reached skill level 17 in Maces & Flails
 54646 | Zot:2    | Received a gift from Okawaru
 54696 | Zot:2    | Noticed an orb of fire
 54721 | Zot:2    | Killed an orb of fire
 54991 | Zot:2    | Reached XP level 27. HP: 131/214 MP: 33/43
 55027 | Zot:2    | Reached skill level 17 in Short Blades
 55027 | Zot:2    | Reached skill level 17 in Long Blades
 55027 | Zot:2    | Reached skill level 17 in Axes
 55027 | Zot:2    | Reached skill level 17 in Polearms
 55027 | Zot:2    | Reached skill level 17 in Staves
 55027 | Zot:2    | Reached skill level 17 in Slings
 55027 | Zot:2    | Reached skill level 17 in Bows
 55027 | Zot:2    | Reached skill level 17 in Crossbows
 55027 | Zot:2    | Reached skill level 17 in Throwing
 55027 | Zot:2    | Reached skill level 17 in Armour
 55027 | Zot:2    | Reached skill level 17 in Shields
 55027 | Zot:2    | Reached skill level 17 in Unarmed Combat
 55027 | Zot:2    | Reached skill level 17 in Spellcasting
 55027 | Zot:2    | Reached skill level 17 in Evocations
 55299 | Zot:2    | Found a runed translucent gate.
 55300 | Zot:2    | Found a runed translucent gate.
 55300 | Zot:2    | Found a runed translucent gate.
 55302 | Zot:2    | Noticed Icycared's ghost (master GrFi)
 55302 | Zot:2    | Noticed an ancient lich
 55324 | Zot:2    | Was placed under penance by Okawaru
 55336 | Zot:2    | Killed an ancient lich
 55483 | Zot:2    | Learned a level 1 spell: Apportation
 56056 | Crypt:1  | Entered Level 1 of the Crypt
 56062 | Crypt:1  | Was forgiven by Okawaru
 56099 | Crypt:1  | Received a gift from Okawaru
 56552 | Zot:5    | Entered Level 5 of the Realm of Zot
 56560 | Zot:5    | Reached skill level 18 in Stealth
 56897 | Zot:5    | Noticed an orb of fire
 56916 | Zot:5    | Killed an orb of fire
 56916 | Zot:5    | Received a gift from Okawaru
 56961 | Zot:5    | Noticed a golden dragon
 56964 | Zot:5    | Received a gift from Okawaru
 56974 | Zot:5    | Killed a golden dragon
 57170 | Zot:5    | Noticed an orb of fire
 57174 | Zot:5    | Noticed a Killer Klown
 57174 | Zot:5    | Gained mutation: You occasionally shout uncontrollably at
                  | your foes. [an orb of fire]
 57179 | Zot:5    | Killed an orb of fire
 57179 | Zot:5    | Received a gift from Okawaru
 57180 | Zot:5    | Reached skill level 23 in Dodging
 57186 | Zot:5    | Killed a Killer Klown
 57199 | Zot:5    | Received a gift from Okawaru
 57221 | Zot:5    | Noticed an orb of fire
 57226 | Zot:5    | Noticed an orb of fire
 57230 | Zot:5    | Killed an orb of fire
 57238 | Zot:5    | Killed an orb of fire
 57250 | Zot:5    | Reached skill level 15 in Conjurations
 57250 | Zot:5    | Reached skill level 15 in Hexes
 57250 | Zot:5    | Reached skill level 15 in Charms
 57250 | Zot:5    | Reached skill level 15 in Summonings
 57250 | Zot:5    | Reached skill level 15 in Necromancy
 57250 | Zot:5    | Reached skill level 15 in Translocations
 57250 | Zot:5    | Reached skill level 15 in Transmutations
 57250 | Zot:5    | Reached skill level 15 in Fire Magic
 57250 | Zot:5    | Reached skill level 15 in Ice Magic
 57250 | Zot:5    | Reached skill level 15 in Air Magic
 57250 | Zot:5    | Reached skill level 15 in Earth Magic
 57250 | Zot:5    | Reached skill level 15 in Poison Magic
 57267 | Zot:5    | Noticed an ancient lich
 57312 | Zot:5    | Noticed an ancient lich
 57317 | Zot:5    | Killed an ancient lich
 57320 | Zot:5    | Noticed an ancient lich
 57329 | Zot:5    | Killed an ancient lich
 57534 | Zot:5    | Noticed an orb of fire
 57563 | Zot:5    | Killed an orb of fire
 57570 | Zot:5    | Noticed an orb of fire
 57577 | Zot:5    | Killed an orb of fire
 57603 | Zot:5    | Noticed a Killer Klown
 57615 | Zot:5    | Killed a Killer Klown
 57740 | Zot:5    | Noticed an ancient lich
 57759 | Zot:5    | Killed an ancient lich
 57774 | Zot:5    | Received a gift from Okawaru
 58019 | Zot:5    | Reached skill level 19 in Invocations
 58027 | Zot:5    | Killed an ancient lich
 58027 | Zot:5    | Received a gift from Okawaru
 58046 | Zot:5    | Noticed a Killer Klown
 58052 | Zot:5    | Killed a Killer Klown
 58078 | Zot:5    | Received a gift from Okawaru
 58265 | Zot:5    | Got the Orb of Zot
 58413 | Zot:1    | Noticed Eshraonla the pandemonium lord
 58420 | Zot:1    | Killed Eshraonla the pandemonium lord
 58590 | D:12     | Reached skill level 18 in Fighting
 58590 | D:12     | Reached skill level 18 in Maces & Flails
 58862 | D:$      | Escaped with the Orb!

Skill      XL: |  1  2  3  4  5  6  7  8  9 10 11 12 13 14 15 16 17 18 19 20 21 22 23 24 25 26 27 |
---------------+----------------------------------------------------------------------------------+-----
Invocations    | 1 2 3 4 5 6 7 8 9 10 11 12 13 14 15 16 17 18 19 | 19.2
Short Blades   | 1 2 3 4 5 6 7 8 9 10 11 12 13 14 15 16 17 | 17.8
Long Blades    | 1 2 3 4 5 6 7 8 9 10 11 12 13 14 15 16 17 | 17.8
Axes           | 1 2 3 4 5 6 7 8 9 10 11 12 13 14 15 16 17 | 17.8
Polearms       | 1 2 3 4 5 6 7 8 9 10 11 12 13 14 15 16 17 | 17.8
Staves         | 1 2 3 4 5 6 7 8 9 10 11 12 13 14 15 16 17 | 17.8
Slings         | 1 2 3 4 5 6 7 8 9 10 11 12 13 14 15 16 17 | 17.8
Bows           | 1 2 3 4 5 6 7 8 9 10 11 12 13 14 15 16 17 | 17.8
Crossbows      | 1 2 3 4 5 6 7 8 9 10 11 12 13 14 15 16 17 | 17.8
Throwing       | 1 2 3 4 5 6 7 8 9 10 11 12 13 14 15 16 17 | 17.8
Armour         | 1 2 3 4 5 6 7 8 9 10 11 12 13 14 15 16 17 | 17.8
Shields        | 1 2 3 4 5 6 7 8 9 10 11 12 13 14 15 16 17 | 17.8
Unarmed Combat | 1 2 3 4 5 6 7 8 9 10 11 12 13 14 15 16 17 | 17.8
Spellcasting   | 1 2 3 4 5 6 7 8 9 10 11 12 13 14 15 16 17 | 17.8
Evocations     | 1 2 3 4 5 6 7 8 9 10 11 12 13 14 15 16 17 | 17.8
Conjurations   | 1 2 3 4 5 6 7 8 9 10 11 12 13 14 15 | 15.4
Hexes          | 1 2 3 4 5 6 7 8 9 10 11 12 13 14 15 | 15.4
Charms         | 1 2 3 4 5 6 7 8 9 10 11 12 13 14 15 | 15.4
Summonings     | 1 2 3 4 5 6 7 8 9 10 11 12 13 14 15 | 15.4
Necromancy     | 1 2 3 4 5 6 7 8 9 10 11 12 13 14 15 | 15.4
Translocations | 1 2 3 4 5 6 7 8 9 10 11 12 13 14 15 | 15.4
Transmutations | 1 2 3 4 5 6 7 8 9 10 11 12 13 14 15 | 15.4
Fire Magic     | 1 2 3 4 5 6 7 8 9 10 11 12 13 14 15 | 15.4
Ice Magic      | 1 2 3 4 5 6 7 8 9 10 11 12 13 14 15 | 15.4
Air Magic      | 1 2 3 4 5 6 7 8 9 10 11 12 13 14 15 | 15.4
Earth Magic    | 1 2 3 4 5 6 7 8 9 10 11 12 13 14 15 | 15.4
Poison Magic   | 1 2 3 4 5 6 7 8 9 10 11 12 13 14 15 | 15.4
Fighting       | 3 4 5 6 7 8 9 10 11 12 13 14 15 16 17 18 | 18.0
Maces & Flails | 3 4 5 6 7 8 9 10 11 12 13 14 15 16 17 18 | 18.0
Dodging        | 7 8 10 11 12 13 14 15 16 17 18 19 20 21 22 23 | 23.7
Stealth        | 7 8 9 10 11 12 13 14 15 16 17 18 | 18.6

Action                   |  1- 3 |  4- 6 |  7- 9 | 10-12 | 13-15 | 16-18 | 19-21 | 22-24 | 25-27 || total
-------------------------+-------+-------+-------+-------+-------+-------+-------+-------+-------++-------
Melee: Whip              |    36 |       |       |       |       |       |       |       |       ||    36
       Bite              |     9 |    12 |    27 |    47 |   196 |    92 |   140 |   180 |   204 ||   907
       Dagger            |    69 |   106 |   180 |       |       |       |       |       |       ||   355
       Punch             |       |     1 |       |       |       |       |       |       |       ||     1
       Flail             |       |       |    23 |       |       |       |       |       |       ||    23
       Falchion          |       |       |   121 |   463 |   159 |       |       |       |       ||   743
       Quick blade       |       |       |       |       |  1299 |    36 |       |   212 |   272 ||  1819
       Broad axe         |       |       |       |       |       |   806 |   805 |   556 |   430 ||  2597
 Fire: Blowgun           |     6 |     4 |     4 |       |       |     1 |       |       |       ||    15
       Fustibalus        |       |       |       |       |    63 |    57 |       |       |       ||   120
Throw: Tomahawk          |       |    28 |    74 |   216 |   200 |   363 |   240 |    69 |    35 ||  1225
       Javelin           |       |       |       |       |       |   114 |       |    53 |   327 ||   494
 Cast: Summon Lightning  |       |       |       |       |       |    42 |    21 |     7 |     1 ||    71
       Infusion          |       |       |       |       |       |       |     6 |    17 |    13 ||    36
       Death Channel     |       |       |       |       |       |       |     3 |       |     4 ||     7
       Freezing Cloud    |       |       |       |       |       |       |     6 |    12 |     2 ||    20
       Summon Mana Viper |       |       |       |       |       |       |     2 |     3 |     4 ||     9
       Regeneration      |       |       |       |       |       |       |     2 |       |     8 ||    10
       Yara's Violent Un |       |       |       |       |       |       |     1 |     2 |     3 ||     6
       Steam Barrier     |       |       |       |       |       |       |       |     3 |     2 ||     5
       Simulacrum        |       |       |       |       |       |       |       |     3 |     5 ||     8
       Apportation       |       |       |       |       |       |       |       |       |     4 ||     4
Invok: Heroism           |       |       |     5 |    26 |    52 |    63 |    41 |    35 |    28 ||   250
       Finesse           |       |       |       |     4 |     6 |     6 |       |     6 |    12 ||    34
 Abil: Evoke Flight      |       |       |       |       |       |     1 |     3 |       |       ||     4
       Evoke Invisibilit |       |       |       |       |       |       |     3 |     5 |    12 ||    20
       Stop Flying       |       |       |       |       |       |       |     4 |       |       ||     4
Evoke: Lamp of fire      |       |       |       |     1 |     4 |     3 |     4 |       |     1 ||    13
       Wand              |       |       |       |     7 |    11 |     6 |     2 |     2 |    25 ||    53
       Lightning rod     |       |       |       |       |       |       |       |       |     1 ||     1
  Use: Scroll            |     3 |     7 |     7 |     9 |    14 |    17 |     5 |     3 |    19 ||    84
       Potion            |       |       |       |     1 |     6 |     3 |     5 |       |     6 ||    21
 Stab: Sleeping          |     8 |       |       |       |       |    10 |    11 |    33 |     7 ||    69
       Paralysed         |       |       |       |     1 |     2 |       |       |       |     7 ||    10
       Petrifying        |       |       |       |       |     1 |       |       |       |       ||     1
       Distracted        |       |       |       |       |       |     3 |    17 |    12 |     9 ||    41
       Confused          |       |       |       |       |       |     1 |       |       |     8 ||     9
       Invisible         |       |       |       |       |       |       |    14 |    17 |    52 ||    83
  Eat: Chunk             |     4 |     8 |    26 |    22 |    50 |    38 |    43 |    37 |     8 ||   236
       Ration            |       |       |       |     2 |     1 |     8 |     4 |     3 |    14 ||    32
Armor: Robe              |    25 |     1 |       |       |       |       |       |       |       ||    26
       Plate armour      |       |    74 |   163 |   163 |   354 |       |       |       |       ||   754
       Scale mail        |       |       |       |       |     1 |   136 |    87 |    55 |    41 ||   320
       Swamp dragon scal |       |       |       |       |       |   119 |     2 |       |       ||   121
Dodge: Dodged            |    96 |    40 |    35 |    80 |   324 |   568 |   481 |   446 |   349 ||  2419
Block: Medium shield     |       |       |   108 |   251 |   584 |   605 |   565 |   454 |   456 ||  3023
       Reflection        |       |       |       |       |       |       |    13 |    42 |    18 ||    73
       Rpst.: Broad axe  |       |       |       |       |       |       |    86 |   127 |    67 ||   280
       Quick blade       |       |       |       |       |       |       |       |    27 |    25 ||    52

Levels and vault maps discovered:
D:1:      ldierk_walled_garden_2, layout_basic
D:2:      layout_basic, lemuel_doored_altar
D:3:      layout_rooms, minmay_rat_hole, uniq_crazy_yiuf_cottage
D:4:      layout_rooms, first_ration, serial_shops, shop, uniq_robin,
          uniq_edmund, uniq_duvessa
D:5:      minmay_inner_zag, layout_rooms, serial_shops, shop,
          nicolae_shop_behind_doors, minmay_gold_behind_fungi,
          nicolae_underground_beach
D:6:      layout_loops_corners, minmay_temple_entry_mini_moons, serial_shops,
          nicolae_shop_behind_doors, minmay_misc_feat_five,
          palyth_stone_intersect, grunt_dithmenos_shadows, uniq_eustachio
D:7:      layout_layer_cave, gammafunk_ghost_wrathful_warriors, basic_altar,
          uniq_prince_ribbit1
D:8:      layout_cave_pools, minmay_lair_entry_grove, hangedman_pestilent_swarm,
          nicolae_lava_and_water, dk_noncrumbling_4, minmay_manual_monstrance,
          uniq_joseph, uniq_pikel
D:9:      layout_roguey, nicolae_vehumet_radiance, serial_shops, shop,
          special_room [special_room_bee], feat_on_display, uniq_psyche
D:10:     hangedman_cross_cluster, layout_cave_pools,
          bhauth_orc_entry_pike_square
D:11:     layout_stronghold
D:12:     grunt_enter_depths_snipers, layout_irregular_city
Lair:1:   layout_loops_ring
Lair:2:   layout_chaotic_city, infiniplex_staircase_pool_2, lemuel_fruit_fields,
          minmay_lair_oklob_chamber, grunt_megastairs_3
Lair:3:   layout_cave_shapes, minmay_swamp_entry_worms, lemuel_old_faithful,
          serial_bayou_shore_a, uniq_harold, uniq_snorg
Lair:4:   layout_gridlike, guppyfry_snake_entry_garden, st_stairs_4
Lair:5:   layout_cave_pods, enter_volcano_3, special_room
          [special_room_mythical_zoo]
Lair:6:   evilmike_catoblepas_cave, layout_loops_ring, forest_entry_grove
Swamp:1:  cheibrodos_swamp_monstrosity, layout_falls_marsh,
          nicolae_swamp_little_tower, hangedman_swamp_blocks
Swamp:2:  layout_basic_swamp, evilmike_swamp_ruin_house_6, uniq_bai_suzhen
Swamp:3:  swamp, layout_basic_swamp, swamp_pool4, uniq_louise
Snake:1:  layout_cave_shapes
Snake:2:  hangedman_cross_stitches, layout_onion_interference, serial_shops,
          bzr_firewalk, portal_ice_cave_entry_dragon, st_stairs_4,
          minmay_shop_grove, uniq_vashnia, uniq_asterion, uniq_aizul
Snake:3:  minmay_snake_end_coiled, layout_gridlike, hangedman_snake_corridor_cut
Orc:      grunt_orc_gardens, layout_caves, grunt_orc_garden, grunt_orc_garden,
          grunt_orc_garden, grunt_orc_garden, minmay_slime_entry_jelly_boxes,
          amcnicky_altar_gilded
Vaults:1: nicolae_vaults_stairing_the_circle, nicolae_vaults_triangles,
          ontoclasm_vaults_ligature, nicolae_vaults_little_squares_3,
          hangedman_vaults_trim, minmay_crypt_entry_necro_gods,
          vaults_mumra_chevron, nicolae_vaults_shelves_hall, serial_ice_g,
          nicolae_vaults_windows_and_doors_thing, grunt_vaults_hallway_short,
          layout_vaults_maze_bifur, serial_shops, shop
Vaults:2: nicolae_vaults_yaktaur_gun_rack, vaults_standard_mumra_x,
          nicolae_vaults_little_ls, vaults_mumra_hex, v_pattern_1,
          nicolae_vaults_little_squares_1, v_misc_17, ontoclasm_vaults_tryst,
          ontoclasm_vaults_pinch, vaults_dpeg_hooks, v_misc_15,
          nicolae_vaults_alarming, layout_vaults_chaotic_city, serial_shops,
          shop
Vaults:3: serial_shops
Forest:1: layout_twisted_forest
Forest:2: layout_twisted_forest
Forest:3: grunt_forest_end_chambers, layout_twisted_forest,
          grunt_forest_small_clearing_pond
Crypt:1:  layout_catacombs
Depths:1: layout_basic, grunt_pan_entry_sceptre, serial_shops, bzr_entry_gold,
          minmay_misc_feat_hallway, hell_entry, chequers_decorated_corner,
          nicolae_transmutations_shop, serial_bayou_pond_b,
          kennysheep_generic_room_6, uniq_nikola
Depths:2: mu_elephants_graveyard, layout_gridlike, enter_ziggurat_d, hell_entry,
          pan_entry, abyss_entry_flame_altar, minmay_staircase_windowed_large,
          uniq_mara
Depths:3: minmay_connected_boxes_in_corner, layout_basic,
          grunt_hell_entry_demonic_statue, rand_demon_pan_entry_5,
          infiniplex_staircase_pool_1, serial_bayou_shore_b
Depths:4: minmay_three_patterns, layout_gridlike, skrybe_limestone_x,
          abyss_entry, pf_coc_iceberg, minmay_evil_grid,
          infiniplex_staircase_zigzag_5
Depths:5: grunt_zot_entry_tricorne, layout_gridlike, hell_entry, serial_curves,
          eino_curves_01, eino_curves_04, reono_crystal_passage
Zot:1:    ebering_greatest_show_in_zot, layout_twisted_circle,
          guppyfry_library_mini
Zot:2:    layout_basic, gammafunk_ghost_necromancy, regret_index_zotdec_plus,
          regret_index_zotdec_split_disrupt
Zot:3:    layout_twisted_circle, regret_index_zotdec_banners,
          hangedman_snap_crack_crunch
Zot:4:    gammafunk_the_bubble [the_bubble_gammafunk_crates], layout_gridlike
Zot:5:    layout_gridlike, regret_index_zotdec_ex

Table legend:
 A = Turns spent in this place as a percentage of turns spent in the entire game.
 B = Non-inter-level travel turns spent in this place as a percentage of non-inter-level travel turns spent in the entire game.
 C = Inter-level travel turns spent in this place as a percentage of turns spent in this place.
 D = Turns resting spent in this place as a percentage of non-inter-level travel turns spent in this place.
 E = Turns spent auto-exploring this place as a percentage of non-inter-level travel turns spent in this place.
 F = Non-inter-level travel turns spent in this place divided by the number of levels of this place that you've seen.
                   A       B       C       D       E      F
               +-------+-------+-------+-------+-------+----------------------
         Total | 100.0 | 100.0 |  10.7 |  15.1 |  55.9 | 1168.2
       Dungeon |  22.0 |  21.1 |  14.4 |   6.7 |  65.7 | 923.2
          Lair |  14.7 |  14.6 |  10.9 |  10.5 |  56.6 | 1282.3
         Swamp |   6.7 |   7.0 |   6.6 |  22.4 |  53.0 | 1228.7
     Snake Pit |  10.2 |  10.8 |   5.6 |  31.7 |  40.3 | 1893.0
  Orcish Mines |   2.9 |   2.9 |   9.3 |  16.7 |  50.0 | 1532.0
        Vaults |  10.6 |  10.1 |  15.0 |   8.5 |  61.9 | 1764.7
Spriggan Forest |   7.8 |   8.4 |   4.3 |  12.9 |  61.6 | 1463.3
         Crypt |   0.2 |   0.2 |  12.1 |   0.0 |  14.9 |  87.0
        Depths |  14.3 |  13.9 |  13.5 |  11.6 |  64.3 | 1458.2
           Zot |   8.7 |   8.9 |   8.6 |  30.3 |  39.0 | 935.2
         Abyss |   1.2 |   1.3 |   0.0 |  25.9 |   3.2 | 696.0
        Bazaar |   0.8 |   0.9 |   0.0 |   7.7 |  52.9 | 233.5
               +-------+-------+-------+-------+-------+----------------------

Table legend:
 A = Kills in this place as a percentage of kills in entire the game.
 B = Kills by you in this place as a percentage of kills by you in the entire game.
 C = Kills by friends in this place as a percentage of kills by friends in the entire game.
 D = Other kills in this place as a percentage of other kills in the entire game.
 E = Experience gained in this place as a percentage of experience gained in the entire game.
 F = Experience gained in this place divided by the number of levels of this place that you have seen.
                   A       B       C       D       E      F
               +-------+-------+-------+-------+-------+----------------------
         Total | 100.0 | 100.0 | 100.0 | 100.0 | 100.0 | 33406.6
       Dungeon |  18.3 |  19.1 |   0.0 |  28.0 |   3.2 | 4044.8
          Lair |  11.0 |  11.7 |   0.0 |   0.0 |   5.3 | 13384.5
         Swamp |   5.9 |   6.1 |   0.0 |   8.0 |   4.3 | 21768.0
     Snake Pit |   9.1 |   8.1 |  28.7 |  12.0 |   7.0 | 35256.3
  Orcish Mines |   3.7 |   3.9 |   0.0 |   0.0 |   1.0 | 14841.0
        Vaults |  16.3 |  16.1 |  22.3 |  12.0 |  18.9 | 94519.0
Spriggan Forest |  11.8 |  10.3 |  45.7 |   0.0 |  11.0 | 55065.0
         Crypt |   0.7 |   0.7 |   0.0 |   0.0 |   0.8 | 12416.0
        Depths |  14.6 |  15.0 |   3.2 |  32.0 |  23.9 | 71789.4
           Zot |   7.5 |   7.8 |   0.0 |   8.0 |  23.8 | 71489.8
         Abyss |   1.2 |   1.2 |   0.0 |   0.0 |   0.7 | 10976.0
               +-------+-------+-------+-------+-------+----------------------
